Workbook

Sheet PRESUPUESTO SIN DECIMALES
B2: NOMBRE DEL PROYECTO | D2: ADECUACIÓN Y MEJORAMIENTO DEL PARQUE DE LA URBANIZACIÓN RINCÓN CAMPESTRE | K2: CÓDIGO BPIN DEL PROYECTO
B3: DEPENDENCIA RESPONSABLE | D3: SECRETARIA DE PLANEACIÓN Y OBRAS PÚBLICAS | K3: FECHA DE ELABORACIÓN | L3: OCTUBRE DE 2023
B4: ELABORÓ | D4: DANY LEONARDO RODRÍGUEZ MORALES | K4: TARJETA PROFESIONAL | L4: A15772007-9540262
B5: APROBÓ | D5: DANY LEONARDO RODRÍGUEZ MORALES | K5: SECRETARIO DE PLANEACIÓN Y OBRAS PÚBLICAS
B7: PRODUCTO 1 | C7: UNIDAD DE MEDIDA | D7: CÓDIGO EDT | E7: CÓDIGO REFERENCIA (*) | F7: CÓDIGO UNSPSC | G7: ACTIVIDAD | H7: UNIDAD DE MEDIDA | I7: CANTIDAD | J7: COSTO UNITARIO | K7: COSTO UNITARIO INCLUIDO AIU A=22%, I=3%, U=5% | L7: COSTO TOTAL (**)
B8: OBRAS PRELIMINARES | C8: XXXX | D8: ENTREGABLE 1.1 | G8: OBRAS PRELIMINARES | L8: =SUM(L9:L17) -> 4674026.1
D9: 1.1 | E9: 1.01.08 | F9: 70111700 | G9: CORTE DE ARBUSTO | H9: UND | I9: 18 | J9: 6897.08 | K9: =J9*1.3 -> 8966.204 | L9: =K9*I9 -> 161391.67
D10: 1.2 | E10: 1.01.09 | F10: 70111700 | G10: CORTE RAIZ D = 30 cm - 80 cm | H10: UND | I10: 18 | J10: 22572.27 | K10: =J10*1.3 -> 29343.951 | L10: =K10*I10 -> 528191.12
D11: 1.3 | E11: 1.01.11 | F11: 72151900 | G11: DEMOLICIÓN SARDINEL (INCLUYE RETIRO) | H11: ML | I11: 28.54 | J11: 6180.5 | K11: =J11*1.3 -> 8034.65 | L11: =K11*I11 -> 229308.91
D12: 1.4 | E12: 1.01.38 | F12: 72151900 | G12: DEMOLICIÓN PLACA DE PISO E= 10 cm. | H12: M2 | I12: 2.07 | J12: 55765.73 | K12: =J12*1.3 -> 72495.449 | L12: =K12*I12 -> 150065.58
D13: 1.5 | E13: 1.01.22 | F13: 72151900 | G13: DEMOLICIÓN DE SUMIDEROS | H13: UND | I13: 1 | J13: 27532.61 | K13: =J13*1.3 -> 35792.393 | L13: =K13*I13 -> 35792.393
D14: 1.6 | E14: 1.01.33 | F14: 72151900 | G14: DEMOLICIÓN MUROS LADRILLO E = 0.15 mts. | H14: M2 | I14: =+(25.45+26.3)*0.45 -> 23.2875 | J14: 13629 | K14: =J14*1.3 -> 17717.7 | L14: =K14*I14 -> 412600.94
D15: 1.7 | E15: 1.01.46 | F15: 72151900 | G15: DESCAPOTE MANUAL (HASTA 20 CM ) DISTANCIA DE 1 A 5 KM | H15: M2 | I15: =186.5-(1.8*6) -> 175.7 | J15: 7184.5 | K15: =J15*1.3 -> 9339.85 | L15: =K15*I15 -> 1641011.6
D16: 1.8 | E16: 1.01.47 | F16: 72151900 | G16: DESMONTE ADOQUIN PREFABRICADO | H16: M2 | I16: 9.8 | J16: 4742.57 | K16: =J16*1.3 -> 6165.341 | L16: =K16*I16 -> 60420.342
D17: 1.9 | E17: 1.01.68 | F17: 72151900 | G17: LOCALIZACIÓN Y REPLANTEO OBRA ARQUITECTÓNICA | H17: M2 | I17: =+I15 -> 175.7 | J17: 6371.19 | K17: =J17*1.3 -> 8282.547 | L17: =K17*I17 -> 1455243.5
K18: VALOR TOTAL DEL PRODUCTO | L18: =L8 -> 4674026.1
B20: PRODUCTO 2 | C20: UNIDAD DE MEDIDA | D20: CÓDIGO EDT | E20: CÓDIGO REFERENCIA (*) | F20: CÓDIGO UNSPSC | G20: ACTIVIDAD | H20: UNIDAD DE MEDIDA | I20: CANTIDAD | J20: COSTO UNITARIO | K20: COSTO UNITARIO INCLUIDO AIU A=22%, I=3%, U=5% | L20: COSTO TOTAL (**)
B21: CONSTRUCCIÓN DE PLAZOLETA | C21: XXXX | D21: ENTREGABLE 2.1 | G21: CONSTRUCCIÓN DE PLAZOLETA | L21: =+SUM(L22:L29) -> 27805918
D22: 2.1 | E22: 1.02.17 | F22: 72101500 | G22: EXCAVACION MANUAL EN MATERIAL COMUN (INCLUYE RETIRO) | H22: M3 | I22: =172.2*0.15 -> 25.83 | J22: 51943.58 | K22: =J22*1.3 -> 67526.654 | L22: =K22*I22 -> 1744213.5
D23: 2.2 | E23: 3.03.15 | F23: 72101500 | G23: RELLENO CON MATERIAL DE AFIRMADO COMPACTADO RANA Y/O VIBROCOMPACTADOR | H23: M3 | I23: =154.7*0.15 -> 23.205 | J23: 90646.13 | K23: =J23*1.3 -> 117839.97 | L23: =K23*I23 -> 2734476.5
D24: 2.3 | E24: 1.11.25 | F24: 72101500 | G24: PLACA BASE EN CONCRETO E= 8 CM 2500 PSI | H24: M2 | I24: 34.5 | J24: 76977.97 | K24: =J24*1.3 -> 100071.36 | L24: =K24*I24 -> 3452462
D25: 2.4 | E25: 3.13.25 | F25: 72101500 | G25: MALLA ELECTROSOLDADA 0.15 X 0.15 M D= 5MM (INCLUYE SUMINISTRO FIJACION E INSTALACION) | H25: KG | I25: 82.72 | J25: 7349.45 | K25: =J25*1.3 -> 9554.285 | L25: =K25*I25 -> 790330.46
D26: 2.5 | E26: CREADO | F26: 72101500 | G26: PINTURA EPOXICA PARA PISOS EN CONCRETO | H26: M2 | I26: =+I24+(2.2*6) -> 47.7 | J26: 28505 | K26: =J26*1.3 -> 37056.5 | L26: =K26*I26 -> 1767595.1
D27: 2.6 | E27: CREADO | F27: 72101500 | G27: SUMINISTRO E INSTALACIÓN DE ADOQUÍN PEATONAL CONCRETO 6 CM COLOR SEGÚN ESPECIFICACIONES DE DISEÑO | H27: M2 | I27: =183-I26 -> 135.3 | J27: 85470.003 | K27: =J27*1.3 -> 111111 | L27: =K27*I27 -> 15033319
D28: 2.7 | E28: 3.08.08 | F28: 72101500 | G28: BORDILLO DE 8 X 15 CM FUNDIDO EN CONCRETO PARA CONTENEDOR DE RAICES | H28: ML | I28: =10.1 -> 10.1 | J28: 24674.73 | K28: =J28*1.3 -> 32077.149 | L28: =K28*I28 -> 323979.2
D29: 2.8 | E29: 3.08.19 | F29: 72101500 | G29: SUMINISTRO E INSTALACION DE SARDINEL PREFABRICADO A-10, INCLUYE MORTERO DE PEGA SEGUN NORMA NTC-4109 | H29: ML | I29: 28.55 | J29: 52796.51 | K29: =J29*1.3 -> 68635.463 | L29: =K29*I29 -> 1959542.5
K30: VALOR TOTAL DEL PRODUCTO | L30: =+L21 -> 27805918
K32: COSTO TOTAL DEL PROYECTO | L32: =+L18+L30 -> 32479944 | M32: =+L32*1.5 -> 48719916
B35: NOTA 1: Los códigos de referencia corresponden con los establecidos en la RESOLUCIÓN 039 DEL 28 DE MARZO DE 2023 por medio de la cual se actualiza y se fija la lista de precios unitarios de obra pública y de consultoría en el departamento de Boyacá” (*)
B36: NOTA 2: El porcentaje de AIU para el proyecto corresponde a: A=22%, I=3%, U=5%
B37: NOTA 3: Para la columna del costo total cuando la fracción decimal del peso sea igual o superior a 5 se aproximará por exceso al número entero siguiente del peso y cuando la fracción decimal del peso sea inferior a 5 se aproximará por defecto al número entero del peso. (**)
B39: Elaboró | J39: Aprobó | K39: precio por ml
B40: DANY LEONARDO RODRÍGUEZ MORALES | J40: DANY LEONARDO RODRÍGUEZ MORALES
B41: SECRETARIO DE PLANEACIÓN Y OBRAS PÚBLICAS | J41: SECRETARIO DE PLANEACIÓN Y OBRAS PÚBLICAS
B42: MUNICIPIO DE SAMACÁ, BOYACÁ | J42: MUNICIPIO DE SAMACÁ, BOYACÁ

Sheet FORMATO PRESUPUESTO
B2: NOMBRE DEL PROYECTO | D2: ADECUACIÓN Y MEJORAMIENTO DEL PARQUE DE LA URBANIZACIÓN RINCÓN CAMPESTRE | K2: CÓDIGO BPIN DEL PROYECTO
B3: DEPENDENCIA RESPONSABLE | D3: SECRETARIA DE PLANEACIÓN Y OBRAS PÚBLICAS | K3: FECHA DE ELABORACIÓN | L3: OCTUBRE DE 2023
B4: ELABORÓ | D4: DANY LEONARDO RODRÍGUEZ MORALES | K4: TARJETA PROFESIONAL | L4: A15772007-9540262
B5: APROBÓ | D5: DANY LEONARDO RODRÍGUEZ MORALES | K5: SECRETARIO DE PLANEACIÓN Y OBRAS PÚBLICAS
B7: PRODUCTO 1 | C7: UNIDAD DE MEDIDA | D7: CÓDIGO EDT | E7: CÓDIGO REFERENCIA (*) | F7: CÓDIGO UNSPSC | G7: ACTIVIDAD | H7: UNIDAD DE MEDIDA | I7: CANTIDAD | J7: COSTO UNITARIO | K7: COSTO UNITARIO INCLUIDO AIU A=22%, I=3%, U=5% | L7: COSTO TOTAL (**)
B8: OBRAS PRELIMINARES | C8: XXXX | D8: ENTREGABLE 1.1 | G8: OBRAS PRELIMINARES | L8: =SUM(L9:L17) -> 4674027
D9: 1.1 | E9: 1.01.08 | F9: 70111700 | G9: CORTE DE ARBUSTO | H9: UND | I9: 18 | J9: 6897.08 | K9: =ROUND(J9*1.3,2) -> 8966.2 | L9: =ROUND(K9*I9,0) -> 161392
D10: 1.2 | E10: 1.01.09 | F10: 70111700 | G10: CORTE RAIZ D = 30 cm - 80 cm | H10: UND | I10: 18 | J10: 22572.27 | K10: =ROUND(J10*1.3,2) -> 29343.95 | L10: =ROUND(K10*I10,0) -> 528191
D11: 1.3 | E11: 1.01.11 | F11: 72151900 | G11: DEMOLICIÓN SARDINEL (INCLUYE RETIRO) | H11: ML | I11: 28.54 | J11: 6180.5 | K11: =ROUND(J11*1.3,2) -> 8034.65 | L11: =ROUND(K11*I11,0) -> 229309
D12: 1.4 | E12: 1.01.38 | F12: 72151900 | G12: DEMOLICIÓN PLACA DE PISO E= 10 cm. | H12: M2 | I12: 2.07 | J12: 55765.73 | K12: =ROUND(J12*1.3,2) -> 72495.45 | L12: =ROUND(K12*I12,0) -> 150066
D13: 1.5 | E13: 1.01.22 | F13: 72151900 | G13: DEMOLICIÓN DE SUMIDEROS | H13: UND | I13: 1 | J13: 27532.61 | K13: =ROUND(J13*1.3,2) -> 35792.39 | L13: =ROUND(K13*I13,0) -> 35792
D14: 1.6 | E14: 1.01.33 | F14: 72151900 | G14: DEMOLICIÓN MUROS LADRILLO E = 0.15 mts. | H14: M2 | I14: =+(25.45+26.3)*0.45 -> 23.2875 | J14: 13629 | K14: =ROUND(J14*1.3,2) -> 17717.7 | L14: =ROUND(K14*I14,0) -> 412601
D15: 1.7 | E15: 1.01.46 | F15: 72151900 | G15: DESCAPOTE MANUAL (HASTA 20 CM ) DISTANCIA DE 1 A 5 KM | H15: M2 | I15: =186.5-(1.8*6) -> 175.7 | J15: 7184.5 | K15: =ROUND(J15*1.3,2) -> 9339.85 | L15: =ROUND(K15*I15,0) -> 1641012
D16: 1.8 | E16: 1.01.47 | F16: 72151900 | G16: DESMONTE ADOQUIN PREFABRICADO | H16: M2 | I16: 9.8 | J16: 4742.57 | K16: =ROUND(J16*1.3,2) -> 6165.34 | L16: =ROUND(K16*I16,0) -> 60420
D17: 1.9 | E17: 1.01.68 | F17: 72151900 | G17: LOCALIZACIÓN Y REPLANTEO OBRA ARQUITECTÓNICA | H17: M2 | I17: =+I15 -> 175.7 | J17: 6371.19 | K17: =ROUND(J17*1.3,2) -> 8282.55 | L17: =ROUND(K17*I17,0) -> 1455244
K18: VALOR TOTAL DEL PRODUCTO | L18: =L8 -> 4674027
B20: PRODUCTO 2 | C20: UNIDAD DE MEDIDA | D20: CÓDIGO EDT | E20: CÓDIGO REFERENCIA (*) | F20: CÓDIGO UNSPSC | G20: ACTIVIDAD | H20: UNIDAD DE MEDIDA | I20: CANTIDAD | J20: COSTO UNITARIO | K20: COSTO UNITARIO INCLUIDO AIU A=22%, I=3%, U=5% | L20: COSTO TOTAL (**)
B21: CONSTRUCCIÓN DE PLAZOLETA | C21: XXXX | D21: ENTREGABLE 2.1 | G21: CONSTRUCCIÓN DE PLAZOLETA | L21: =+SUM(L22:L29) -> 27805917
D22: 2.1 | E22: 1.02.17 | F22: 72101500 | G22: EXCAVACION MANUAL EN MATERIAL COMUN (INCLUYE RETIRO) | H22: M3 | I22: =172.2*0.15 -> 25.83 | J22: 51943.58 | K22: =ROUND(J22*1.3,2) -> 67526.65 | L22: =ROUND(K22*I22,0) -> 1744213
D23: 2.2 | E23: 3.03.15 | F23: 72101500 | G23: RELLENO CON MATERIAL DE AFIRMADO COMPACTADO RANA Y/O VIBROCOMPACTADOR | H23: M3 | I23: =154.7*0.15 -> 23.205 | J23: 90646.13 | K23: =ROUND(J23*1.3,2) -> 117839.97 | L23: =ROUND(K23*I23,0) -> 2734477
D24: 2.3 | E24: 1.11.25 | F24: 72101500 | G24: PLACA BASE EN CONCRETO E= 8 CM 2500 PSI | H24: M2 | I24: 34.5 | J24: 76977.97 | K24: =ROUND(J24*1.3,2) -> 100071.36 | L24: =ROUND(K24*I24,0) -> 3452462
D25: 2.4 | E25: 3.13.25 | F25: 72101500 | G25: MALLA ELECTROSOLDADA 0.15 X 0.15 M D= 5MM (INCLUYE SUMINISTRO FIJACION E INSTALACION) | H25: KG | I25: 82.72 | J25: 7349.45 | K25: =ROUND(J25*1.3,2) -> 9554.29 | L25: =ROUND(K25*I25,0) -> 790331
D26: 2.5 | E26: CREADO | F26: 72101500 | G26: PINTURA EPOXICA PARA PISOS EN CONCRETO | H26: M2 | I26: =+I24+(2.2*6) -> 47.7 | J26: 28505 | K26: =ROUND(J26*1.3,2) -> 37056.5 | L26: =ROUND(K26*I26,0) -> 1767595
D27: 2.6 | E27: CREADO | F27: 72101500 | G27: SUMINISTRO E INSTALACIÓN DE ADOQUÍN PEATONAL CONCRETO 6 CM COLOR SEGÚN ESPECIFICACIONES DE DISEÑO | H27: M2 | I27: =183-I26 -> 135.3 | J27: =77700*1.1 -> 85470 | K27: =ROUND(J27*1.3,2) -> 111111 | L27: =ROUND(K27*I27,0) -> 15033318
D28: 2.7 | E28: 3.08.08 | F28: 72101500 | G28: BORDILLO DE 8 X 15 CM FUNDIDO EN CONCRETO PARA CONTENEDOR DE RAICES | H28: ML | I28: =10.1 -> 10.1 | J28: 24674.73 | K28: =ROUND(J28*1.3,2) -> 32077.15 | L28: =ROUND(K28*I28,0) -> 323979
D29: 2.8 | E29: 3.08.19 | F29: 72101500 | G29: SUMINISTRO E INSTALACION DE SARDINEL PREFABRICADO A-10, INCLUYE MORTERO DE PEGA SEGUN NORMA NTC-4109 | H29: ML | I29: 28.55 | J29: 52796.51 | K29: =ROUND(J29*1.3,2) -> 68635.46 | L29: =ROUND(K29*I29,0) -> 1959542
K30: VALOR TOTAL DEL PRODUCTO | L30: =+L21 -> 27805917
K32: COSTO TOTAL DEL PROYECTO | L32: =+L18+L30 -> 32479944 | M32: =+L32/1160000 -> 27.999952 | N32: =+L32*1.5 -> 48719916
B35: NOTA 1: Los códigos de referencia corresponden con los establecidos en la RESOLUCIÓN 039 DEL 28 DE MARZO DE 2023 por medio de la cual se actualiza y se fija la lista de precios unitarios de obra pública y de consultoría en el departamento de Boyacá” (*)
B36: NOTA 2: El porcentaje de AIU para el proyecto corresponde a: A=22%, I=3%, U=5%
B37: NOTA 3: Para la columna del costo total cuando la fracción decimal del peso sea igual o superior a 5 se aproximará por exceso al número entero siguiente del peso y cuando la fracción decimal del peso sea inferior a 5 se aproximará por defecto al número entero del peso. (**)
B39: Elaboró | J39: Aprobó | K39: precio por ml
B40: DANY LEONARDO RODRÍGUEZ MORALES | J40: DANY LEONARDO RODRÍGUEZ MORALES
B41: SECRETARIO DE PLANEACIÓN Y OBRAS PÚBLICAS | J41: SECRETARIO DE PLANEACIÓN Y OBRAS PÚBLICAS
B42: MUNICIPIO DE SAMACÁ, BOYACÁ | J42: MUNICIPIO DE SAMACÁ, BOYACÁ

Sheet APU
A1: ANALISIS DE PRECIOS UNITARIOS
B2: ITEM | C2: DESCRIPCION | G2: UNIDAD DE MEDIDA
B3: APU - 01 | C3: ='FORMATO PRESUPUESTO'!G9 -> CORTE DE ARBUSTO | G3: km
B4: Equipos
B5: Nombre | D5: Unidad | F5: Cantidad | G5: Valor Unitario | H5: Vr.Parcial
B6: HERRAMIENTA MENOR (%M.O) | D6: % | F6: 5 | G6: =2508327.66/100 -> 25083.277 | H6: =+F6*G6 -> 125416.38
B7: EQUIPO DE TOPOGRAFÍA (ESTACION,NIVEL Y ELEMENTOS) | D7: glb | F7: 24 | G7: 6250 | H7: =+F7*G7 -> 150000
B8: TOTAL EQUIPOS | H8: =SUM(H6:H7) -> 275416.38
B9: Materiales
B10: Nombre | D10: Unidad | F10: Cantidad | G10: Valor Unitario | H10: Vr.Parcial
B11: PINTURA Y ESTACAS | D11: glb | F11: 1 | G11: 29333 | H11: =+F11*G11 -> 29333
B15: TOTAL MATERIALES | H15: =SUM(H11:H14) -> 29333
B16: Mano de Obra
B17: Nombre | D17: Unidad | F17: Cantidad | G17: Valor Unitario | H17: Vr.Parcial
B18: CADENERO 1 | D18: Jr | F18: 4 | G18: 121418.06 | H18: =+F18*G18 -> 485672.24
B19: OFICIAL DE OBRA 1 | D19: Jr | F19: 4 | G19: 105563.04 | H19: =+F19*G19 -> 422252.16
B20: OFICIAL DE OBRA 2 | D20: Jr | F20: 4 | G20: 105563.04 | H20: =+F20*G20 -> 422252.16
B21: OFICIAL DE OBRA 3 | D21: Jr | F21: 5 | G21: 195479.38 | H21: =+F21*G21 -> 977396.9
B22: OFICIAL DE OBRA 4 | D22: Jr | F22: 4 | G22: 50188.55 | H22: =+F22*G22 -> 200754.2
B23: TOTAL MANO DE OBRA | H23: =SUM(H18:H22) -> 2508327.7
B24: Transporte
B25: Nombre | D25: Unidad | F25: Cantidad | G25: Valor Unitario | H25: Vr.Parcial
H26: 0
B27: Valor Unitario Total | H27: =+H8+H15+H23+H26 -> 2813077
B29: ITEM | C29: DESCRIPCION | G29: UNIDAD DE MEDIDA
B30: APU - 01 | C30: SUMINISTRO E INSTALACIÓN DE ADOQUÍN PEATONAL CONCRETO 6 CM | G30: =+'FORMATO PRESUPUESTO'!H44 -> 0
B31: Equipos
B32: Nombre | D32: Unidad | F32: Cantidad | G32: Valor Unitario | H32: Vr.Parcial
B33: HERRAMIENTA MENOR (%M.O) | D33: % | F33: 5 | G33: =H46/100 -> 122.7761 | H33: =+F33*G33 -> 613.8805
B35: TOTAL EQUIPOS | H35: =SUM(H33:H34) -> 613.8805
B36: Materiales
B37: Nombre | D37: Unidad | F37: Cantidad | G37: Valor Unitario | H37: Vr.Parcial
B38: ARENA LAVADA DE PEÑA | D38: M3 | F38: 0.03 | G38: 82125 | H38: =+F38*G38 -> 2463.75
B39: ADOQUIN DE CONCRETO DE 10X6X20 | D39: UND | F39: 50 | G39: 666.67 | H39: =+F39*G39 -> 33333.5
B40: AGUA | D40: LT | F40: 2.85 | G40: 21 | H40: =+F40*G40 -> 59.85
B42: TOTAL MATERIALES | H42: =SUM(H38:H41) -> 35857.1
B43: Mano de Obra
B44: Nombre | D44: Unidad | F44: Cantidad | G44: Valor Unitario | H44: Vr.Parcial
B45: MANO DE OBRA AA | D45: hc | F45: 0.5 | G45: 24555.22 | H45: =+F45*G45 -> 12277.61
B46: TOTAL MANO DE OBRA | H46: =SUM(H45:H45) -> 12277.61
B47: Transporte
B48: Nombre | D48: Unidad | F48: Cantidad | G48: Valor Unitario | H48: Vr.Parcial
H49: 0
B50: Valor Unitario Total | H50: =+H35+H42+H46+H49 -> 48748.59
B52: ITEM | C52: DESCRIPCION | G52: UNIDAD DE MEDIDA
B53: APU - 01 | C53: LOSETA PREFABRICA A-2020 | G53: =+'FORMATO PRESUPUESTO'!H63 -> 0
B54: Equipos
B55: Nombre | D55: Unidad | F55: Cantidad | G55: Valor Unitario | H55: Vr.Parcial
H56: 0
B58: TOTAL EQUIPOS | H58: =SUM(H56:H57) -> 0
B59: Materiales
B60: Nombre | D60: Unidad | F60: Cantidad | G60: Valor Unitario | H60: Vr.Parcial
B61: ARENA FINA | D61: M3 | F61: 0.2 | G61: 93966.67 | H61: =+F61*G61 -> 18793.334
B62: LOSETA PREFABRICADA A-20 | D62: M2 | F62: 1 | G62: 35333.33 | H62: =+F62*G62 -> 35333.33
B63: MORTERO 1:4 | D63: M3 | F63: 0.03 | G63: 409741.65 | H63: =+F63*G63 -> 12292.249
B65: TOTAL MATERIALES | H65: =SUM(H61:H64) -> 66418.914
B66: Mano de Obra
B67: Nombre | D67: Unidad | F67: Cantidad | G67: Valor Unitario | H67: Vr.Parcial
B68: AUXILIAR DE OBRA 2 (B) | D68: hh | F68: 0.6 | G68: 9037.33 | H68: =+F68*G68 -> 5422.398
B69: OFICIAL OBRA 1 (A) | D69: hh | F69: 0.6 | G69: 15517.89 | H69: =+F69*G69 -> 9310.734
B70: TOTAL MANO DE OBRA | H70: =SUM(H68:H69) -> 14733.132
B71: Transporte
B72: Nombre | D72: Unidad | F72: Cantidad | G72: Valor Unitario | H72: Vr.Parcial
H73: 0
B74: Valor Unitario Total | H74: =+H58+H65+H70+H73 -> 81152.046
B76: ITEM | C76: DESCRIPCION | G76: UNIDAD DE MEDIDA
B77: APU - 01 | C77: PISO EN GRAMA INCL. TIERRA NEGRA | G77: =+'FORMATO PRESUPUESTO'!H87 -> 0
B78: Equipos
B79: Nombre | D79: Unidad | F79: Cantidad | G79: Valor Unitario | H79: Vr.Parcial
B80: HERRAMIENTA MENOR (%M.O) | D80: % | F80: 3.5 | G80: =H93/100 -> 24.55522 | H80: =+F80*G80 -> 85.94327
B82: TOTAL EQUIPOS | H82: =SUM(H80:H81) -> 85.94327
B83: Materiales
B84: Nombre | D84: Unidad | F84: Cantidad | G84: Valor Unitario | H84: Vr.Parcial
B85: TIERRA NEGRA | D85: M3 | F85: 0.3 | G85: 57129.33 | H85: =+F85*G85 -> 17138.799
B86: GRAMA | D86: UND | F86: 1.1 | G86: 8033.33 | H86: =+F86*G86 -> 8836.663
B88: TOTAL MATERIALES | H88: =SUM(H85:H87) -> 25975.462
B89: Mano de Obra
B90: Nombre | D90: Unidad | F90: Cantidad | G90: Valor Unitario | H90: Vr.Parcial
B91: AUXILIAR DE OBRA 2 (B) | D91: hh | F91: 0.1 | G91: 9037.33 | H91: =+F91*G91 -> 903.733
B92: OFICIAL OBRA 1 (A) | D92: hh | F92: 0.1 | G92: 15517.89 | H92: =+F92*G92 -> 1551.789
B93: TOTAL MANO DE OBRA | H93: =SUM(H91:H92) -> 2455.522
B94: Transporte
B95: Nombre | D95: Unidad | F95: Cantidad | G95: Valor Unitario | H95: Vr.Parcial
H96: 0
B97: Valor Unitario Total | H97: =+H82+H88+H93+H96 -> 28516.927
B99: ITEM | C99: DESCRIPCION | G99: UNIDAD DE MEDIDA
B100: APU - 01 | C100: LOSETA PREFABRICA A-2020 | G100: =+'FORMATO PRESUPUESTO'!H110 -> 0
B101: Equipos
B102: Nombre | D102: Unidad | F102: Cantidad | G102: Valor Unitario | H102: Vr.Parcial
H103: 0
B105: TOTAL EQUIPOS | H105: =SUM(H103:H104) -> 0
B106: Materiales
B107: Nombre | D107: Unidad | F107: Cantidad | G107: Valor Unitario | H107: Vr.Parcial
B108: ARENA FINA | D108: M3 | F108: 0.2 | G108: 93966.67 | H108: =+F108*G108 -> 18793.334
B109: LOSETA PREFABRICADA A-20 | D109: M2 | F109: 1 | G109: 35333.33 | H109: =+F109*G109 -> 35333.33
B110: MORTERO 1:4 | D110: M3 | F110: 0.03 | G110: 409741.65 | H110: =+F110*G110 -> 12292.249
B112: TOTAL MATERIALES | H112: =SUM(H108:H111) -> 66418.914
B113: Mano de Obra
B114: Nombre | D114: Unidad | F114: Cantidad | G114: Valor Unitario | H114: Vr.Parcial
B115: AUXILIAR DE OBRA 2 (B) | D115: hh | F115: 0.6 | G115: 9037.33 | H115: =+F115*G115 -> 5422.398
...

Sheet 1.1
C1: ALCALDÍA DE SAMACÁ | E1: MACROPROCESO | I1: MISIONAL
E2: PROCESO | I2: GESTIÓN TERRITORIAL E INFRAESTRUCTURA
C3: SISTEMA INTEGRADO DE GESTIÓN (MECI 1000:2014 – NTCGP 1000:2009) | E3: FORMATO
E4: F-GTI-015 | I4: Página 1 de 1
E5: Versión 1
A6: MEMORIAS DE CANTIDADES
A7: CÓDIGO | B7: 2.1 | C7: (b) DESCRIPCIÓN ÍTEM | D7: ='FORMATO PRESUPUESTO'!G9 -> CORTE DE ARBUSTO | J7: (c) UND: | K7: km
A9: (d) DESCRIPCIÓN Y/O REGISTRO FOTOGRÁFICO DE LA MEMORIA | E9: (e) LOCALIZACIÓN | F9: DIMENSIONES | I9: (i) MEDIDA PARCIAL (M2) | J9: (j) N° DE ELEMENTOS | K9: (k) MEDIDA TOTAL (km)
F10: N° | G10: (g) Longitud | H10: (h) Altura
E11: ZONA DE PARQUEO | F11: 1 | G11: =53/1000 -> 0.053 | J11: 1 | K11: =G11*J11 -> 0.053
E12: VIA | F12: 1 | G12: =79/1000 -> 0.079 | J12: 1
E30: (l)TOTAL | K30: =+SUM(K11:K29) -> 0.053
A31: Elaboró: | C31: Elaboró: | E31: Revisó: | H31: Aprobó:

Sheet 1.2
C1: ALCALDÍA DE SAMACÁ | E1: MACROPROCESO | I1: MISIONAL
E2: PROCESO | I2: GESTIÓN TERRITORIAL E INFRAESTRUCTURA
C3: SISTEMA INTEGRADO DE GESTIÓN (MECI 1000:2014 – NTCGP 1000:2009) | E3: FORMATO
E4: F-GTI-015 | I4: Página 1 de 1
E5: Versión 1
A6: MEMORIAS DE CANTIDADES
A7: CÓDIGO | B7: 1.2 | C7: (b) DESCRIPCIÓN ÍTEM | D7: =+VLOOKUP(B7,'FORMATO PRESUPUESTO'!D10:L31,3,FALSE) -> 70111700 | J7: (c) UND: | K7: =+VLOOKUP(B7,'FORMATO PRESUPUESTO'!D10:L31,4,FALSE) -> CORTE RAIZ D = 30 cm - 80 cm
A9: (d) DESCRIPCIÓN Y/O REGISTRO FOTOGRÁFICO DE LA MEMORIA | E9: (e) LOCALIZACIÓN | F9: DIMENSIONES | I9: =+CONCATENATE("(i) MEDIDA PARCIAL"," ", "(",K7,")") -> (i) MEDIDA PARCIAL (CORTE RAIZ D = 30 cm - 80 cm) | J9: (j) N° DE ELEMENTOS | K9: =+CONCATENATE("(k) MEDIDA TOTAL "," ","(",K7,")") -> (k) MEDIDA TOTAL (CORTE RAIZ D = 30 cm - 80 cm)
F10: Area | H10: (h) Altura
E11: PARQUEADEROS | F11: 232.2 | H11: 0.3 | I11: =+F11*H11 -> 69.66 | J11: 1 | K11: =+I11*J11 -> 69.66
E30: (l)TOTAL | K30: =+SUM(K11:K29) -> 69.66
A31: Elaboró: | C31: Elaboró: | E31: Revisó: | H31: Aprobó:

Sheet 1.2 (2)
C1: ALCALDÍA DE SAMACÁ | E1: MACROPROCESO | I1: MISIONAL
E2: PROCESO | I2: GESTIÓN TERRITORIAL E INFRAESTRUCTURA
C3: SISTEMA INTEGRADO DE GESTIÓN (MECI 1000:2014 – NTCGP 1000:2009) | E3: FORMATO
E4: F-GTI-015 | I4: Página 1 de 1
E5: Versión 1
A6: MEMORIAS DE CANTIDADES
A7: CÓDIGO | B7: 1.2 | C7: (b) DESCRIPCIÓN ÍTEM | D7: =+VLOOKUP(B7,'FORMATO PRESUPUESTO'!D10:L31,3,FALSE) -> 70111700 | J7: (c) UND: | K7: =+VLOOKUP(B7,'FORMATO PRESUPUESTO'!D10:L31,4,FALSE) -> CORTE RAIZ D = 30 cm - 80 cm
A9: (d) DESCRIPCIÓN Y/O REGISTRO FOTOGRÁFICO DE LA MEMORIA | E9: (e) LOCALIZACIÓN | F9: DIMENSIONES | I9: =+CONCATENATE("(i) MEDIDA PARCIAL"," ", "(",K7,")") -> (i) MEDIDA PARCIAL (CORTE RAIZ D = 30 cm - 80 cm) | J9: (j) N° DE ELEMENTOS | K9: =+CONCATENATE("(k) MEDIDA TOTAL "," ","(",K7,")") -> (k) MEDIDA TOTAL (CORTE RAIZ D = 30 cm - 80 cm)
F10: Area | H10: (h) Altura
E11: PARQUEADEROS | F11: 253.53 | H11: 0.3 | I11: =+F11*H11 -> 76.059 | J11: 1 | K11: =+I11*J11 -> 76.059
E12: VIA | F12: 315.63 | H12: 0.5 | I12: =+F12*H12 -> 157.815 | J12: 1
E30: (l)TOTAL | K30: =+SUM(K11:K29) -> 76.059
A31: Elaboró: | C31: Elaboró: | E31: Revisó: | H31: Aprobó:

Sheet 1.3
C1: ALCALDÍA DE SAMACÁ | E1: MACROPROCESO | I1: MISIONAL
E2: PROCESO | I2: GESTIÓN TERRITORIAL E INFRAESTRUCTURA
C3: SISTEMA INTEGRADO DE GESTIÓN (MECI 1000:2014 – NTCGP 1000:2009) | E3: FORMATO
E4: F-GTI-015 | I4: Página 1 de 1
E5: Versión 1
A6: MEMORIAS DE CANTIDADES
A7: CÓDIGO | B7: 1.3 | C7: (b) DESCRIPCIÓN ÍTEM | D7: =+VLOOKUP(B7,'FORMATO PRESUPUESTO'!D10:L31,3,FALSE) -> 72151900 | J7: (c) UND: | K7: =+VLOOKUP(B7,'FORMATO PRESUPUESTO'!D10:L31,4,FALSE) -> DEMOLICIÓN SARDINEL (INCLUYE RETIRO)
A9: (d) DESCRIPCIÓN Y/O REGISTRO FOTOGRÁFICO DE LA MEMORIA | E9: (e) LOCALIZACIÓN | F9: DIMENSIONES | I9: (i) MEDIDA PARCIAL (M3) | J9: (j) N° DE ELEMENTOS | K9: (k) MEDIDA TOTAL (M3)
F10: (m2) Area | H10: (h) Espesor
E11: PARQUEADEROS | F11: =+'1.2'!F11 -> 232.2 | H11: 0.2 | I11: =+F11*G11*H11 -> 0 | J11: 1 | K11: =+F11*H11*J11 -> 46.44 | L11: =F11*H11 -> 46.44
E30: (l)TOTAL | K30: =+SUM(K11:K29)/2 -> 23.22
A31: Elaboró: | C31: Elaboró: | E31: Revisó: | H31: Aprobó:

Sheet 1.3 (2)
C1: ALCALDÍA DE SAMACÁ | E1: MACROPROCESO | I1: MISIONAL
E2: PROCESO | I2: GESTIÓN TERRITORIAL E INFRAESTRUCTURA
C3: SISTEMA INTEGRADO DE GESTIÓN (MECI 1000:2014 – NTCGP 1000:2009) | E3: FORMATO
E4: F-GTI-015 | I4: Página 1 de 1
E5: Versión 1
A6: MEMORIAS DE CANTIDADES
A7: CÓDIGO | B7: 1.3 | C7: (b) DESCRIPCIÓN ÍTEM | D7: =+VLOOKUP(B7,'FORMATO PRESUPUESTO'!D10:L31,3,FALSE) -> 72151900 | J7: (c) UND: | K7: =+VLOOKUP(B7,'FORMATO PRESUPUESTO'!D10:L31,4,FALSE) -> DEMOLICIÓN SARDINEL (INCLUYE RETIRO)
A9: (d) DESCRIPCIÓN Y/O REGISTRO FOTOGRÁFICO DE LA MEMORIA | E9: (e) LOCALIZACIÓN | F9: DIMENSIONES | I9: (i) MEDIDA PARCIAL (M3) | J9: (j) N° DE ELEMENTOS | K9: (k) MEDIDA TOTAL (M3)
F10: (m2) Area | H10: (h) Espesor
E11: PARQUEADEROS | F11: 253.53 | H11: 0.2 | I11: =+F11*H11 -> 50.706 | J11: 1 | K11: =+I11*J11 -> 50.706 | L11: =F11*H11 -> 50.706
E12: VIA | F12: 315.63 | H12: 0.42 | I12: =+F12*H12 -> 132.5646 | J12: 1
E30: (l)TOTAL | K30: =+SUM(K11:K29) -> 50.706
A31: Elaboró: | C31: Elaboró: | E31: Revisó: | H31: Aprobó:

Sheet 1.5
C1: ALCALDÍA DE SAMACÁ | E1: MACROPROCESO | I1: MISIONAL
E2: PROCESO | I2: GESTIÓN TERRITORIAL E INFRAESTRUCTURA
C3: SISTEMA INTEGRADO DE GESTIÓN (MECI 1000:2014 – NTCGP 1000:2009) | E3: FORMATO
E4: F-GTI-015 | I4: Página 1 de 1
E5: Versión 1
A6: MEMORIAS DE CANTIDADES
A7: CÓDIGO | B7: 1.5 | C7: (b) DESCRIPCIÓN ÍTEM | D7: =+VLOOKUP(B7,'FORMATO PRESUPUESTO'!D10:L31,3,FALSE) -> 72151900 | J7: (c) UND: | K7: =+VLOOKUP(B7,'FORMATO PRESUPUESTO'!D10:L31,4,FALSE) -> DEMOLICIÓN DE SUMIDEROS
A9: (d) DESCRIPCIÓN Y/O REGISTRO FOTOGRÁFICO DE LA MEMORIA | E9: (e) LOCALIZACIÓN | F9: DIMENSIONES | I9: (i) MEDIDA PARCIAL (M3) | J9: (j) N° DE ELEMENTOS | K9: (k) MEDIDA TOTAL (M2)
F10: (f) Ancho | G10: (g) Longitud | H10: (h) Altura
E11: =+D7 -> 72151900 | F11: 4.3 | G11: 25.2 | I11: =+F11*G11*H11 -> 0 | J11: 1 | K11: =+F11*G11*J11 -> 108.36
E12: =+E11 -> 72151900 | F12: 4.3 | G12: 27.5 | J12: 1 | K12: =+F12*G12*J12 -> 118.25
E30: (l)TOTAL | K30: =+SUM(K11:K29) -> 226.61
A31: Elaboró: | C31: Elaboró: | E31: Revisó: | H31: Aprobó:

Sheet 1.5 (2)
C1: ALCALDÍA DE SAMACÁ | E1: MACROPROCESO | I1: MISIONAL
E2: PROCESO | I2: GESTIÓN TERRITORIAL E INFRAESTRUCTURA
C3: SISTEMA INTEGRADO DE GESTIÓN (MECI 1000:2014 – NTCGP 1000:2009) | E3: FORMATO
E4: F-GTI-015 | I4: Página 1 de 1
E5: Versión 1
A6: MEMORIAS DE CANTIDADES
A7: CÓDIGO | B7: 1.5 | C7: (b) DESCRIPCIÓN ÍTEM | D7: =+VLOOKUP(B7,'FORMATO PRESUPUESTO'!D10:L31,3,FALSE) -> 72151900 | J7: (c) UND: | K7: =+VLOOKUP(B7,'FORMATO PRESUPUESTO'!D10:L31,4,FALSE) -> DEMOLICIÓN DE SUMIDEROS
A9: (d) DESCRIPCIÓN Y/O REGISTRO FOTOGRÁFICO DE LA MEMORIA | E9: (e) LOCALIZACIÓN | F9: DIMENSIONES | I9: (i) MEDIDA PARCIAL (M3) | J9: (j) N° DE ELEMENTOS | K9: (k) MEDIDA TOTAL (M2)
F10: (f) Ancho | G10: (g) Longitud | H10: (h) Altura
D11: ZONA DE PARQUEO 1 | E11: =+D7 -> 72151900 | F11: 4.3 | G11: 25.35 | I11: =+F11*G11*H11 -> 0 | J11: 1
D12: ZONA DE PARQUEO 2 | E12: =+E11 -> 72151900 | F12: 4.3 | G12: 27.65 | J12: 1
E14: VIA FRENTE A ZONAS DE PARQUEO | F14: 4.08 | G14: 4.63 | J14: 13 | L14: 245.5752
E15: VIA INGRESO | F15: 3.93 | G15: 4.63 | J15: 3 | L15: 54.5877
E16: VIA INGRESO | F16: 3.93 | G16: =(4.15+4.95)/2 -> 4.55 | J16: 1 | L16: 17.8815
M27: 3.88 | N27: 0.2 | O27: 14 | P27: =M27*N27*O27 -> 10.864
M28: 3.93 | N28: 0.2 | O28: 4 | P28: =M28*N28*O28 -> 3.144
P29: =SUM(P27:P28) -> 14.008
E30: (l)TOTAL | K30: =+SUM(K11:K29) -> 0 | L30: 0.8 | M30: =K30/L30 -> 0
A31: Elaboró: | C31: Elaboró: | E31: Revisó: | H31: Aprobó:

Sheet 1.6
C1: ALCALDÍA DE SAMACÁ | E1: MACROPROCESO | I1: MISIONAL
E2: PROCESO | I2: GESTIÓN TERRITORIAL E INFRAESTRUCTURA
C3: SISTEMA INTEGRADO DE GESTIÓN (MECI 1000:2014 – NTCGP 1000:2009) | E3: FORMATO
E4: F-GTI-015 | I4: Página 1 de 1
E5: Versión 1
A6: MEMORIAS DE CANTIDADES
A7: CÓDIGO | B7: 1.6 | C7: (b) DESCRIPCIÓN ÍTEM | D7: =+VLOOKUP(B7,'FORMATO PRESUPUESTO'!D10:L31,3,FALSE) -> 72151900 | J7: (c) UND: | K7: =+VLOOKUP(B7,'FORMATO PRESUPUESTO'!D10:L31,4,FALSE) -> DEMOLICIÓN MUROS LADRILLO E = 0.15 mts.
A9: (d) DESCRIPCIÓN Y/O REGISTRO FOTOGRÁFICO DE LA MEMORIA | E9: (e) LOCALIZACIÓN | F9: DIMENSIONES | I9: Longitud | J9: (j) N° DE ELEMENTOS | K9: (k) MEDIDA TOTAL (Ml)
F10: (f) Ancho | G10: (g) Longitud | H10: (h) Altura
E11: SARDINEL A 10 | F11: 0.2 | G11: 0.8 | H11: 0.5 | I11: =55+5+5+5+1+5+7 -> 83 | K11: =+I11 -> 83
E30: (l)TOTAL | K30: =+SUM(K11:K29) -> 83
A31: Elaboró: | C31: Elaboró: | E31: Revisó: | H31: Aprobó:

Sheet 1.6 (2)
C1: ALCALDÍA DE SAMACÁ | E1: MACROPROCESO | I1: MISIONAL
E2: PROCESO | I2: GESTIÓN TERRITORIAL E INFRAESTRUCTURA
C3: SISTEMA INTEGRADO DE GESTIÓN (MECI 1000:2014 – NTCGP 1000:2009) | E3: FORMATO
E4: F-GTI-015 | I4: Página 1 de 1
E5: Versión 1
A6: MEMORIAS DE CANTIDADES
A7: CÓDIGO | B7: 1.6 | C7: (b) DESCRIPCIÓN ÍTEM | D7: =+VLOOKUP(B7,'FORMATO PRESUPUESTO'!D10:L31,3,FALSE) -> 72151900 | J7: (c) UND: | K7: =+VLOOKUP(B7,'FORMATO PRESUPUESTO'!D10:L31,4,FALSE) -> DEMOLICIÓN MUROS LADRILLO E = 0.15 mts.
A9: (d) DESCRIPCIÓN Y/O REGISTRO FOTOGRÁFICO DE LA MEMORIA | E9: (e) LOCALIZACIÓN | F9: DIMENSIONES | I9: Longitud | J9: (j) N° DE ELEMENTOS | K9: (k) MEDIDA TOTAL (Ml)
F10: (f) Ancho | G10: (g) Longitud | H10: (h) Altura
E13: SARDINEL A 10 | G13: PARALELO A TORRES | I13: 55 | J13: 1
G14: ESQUINA TORRE | I14: 5 | J14: 1
G15: MATERA | I15: 5 | J15: 1
G16: MATERA | I16: 5 | J16: 1
G17: MATERA CIERRE | I17: 1 | J17: 1
G18: FIN TORRE ESCALERA | I18: 5 | J18: 1
G19: TRANSICION VIA (SENDERO) | I19: 7 | J19: 1
E30: (l)TOTAL | K30: =+SUM(K11:K29) -> 0
A31: Elaboró: | C31: Elaboró: | E31: Revisó: | H31: Aprobó:

Sheet 1.7 (0)
C1: ALCALDÍA DE SAMACÁ | E1: MACROPROCESO | I1: MISIONAL
E2: PROCESO | I2: GESTIÓN TERRITORIAL E INFRAESTRUCTURA
C3: SISTEMA INTEGRADO DE GESTIÓN (MECI 1000:2014 – NTCGP 1000:2009) | E3: FORMATO
E4: F-GTI-015 | I4: Página 1 de 1
E5: Versión 1
A6: MEMORIAS DE CANTIDADES
A7: CÓDIGO | B7: 1.7 | C7: (b) DESCRIPCIÓN ÍTEM | D7: =+VLOOKUP(B7,'FORMATO PRESUPUESTO'!D10:L31,3,FALSE) -> 72151900 | J7: (c) UND: | K7: =+VLOOKUP(B7,'FORMATO PRESUPUESTO'!D10:L31,4,FALSE) -> DESCAPOTE MANUAL (HASTA 20 CM ) DISTANCIA DE 1 A 5 KM
A9: (d) DESCRIPCIÓN Y/O REGISTRO FOTOGRÁFICO DE LA MEMORIA | E9: (e) LOCALIZACIÓN | F9: DIMENSIONES | I9: (i) MEDIDA PARCIAL (M2) | J9: (j) N° DE ELEMENTOS | K9: (k) MEDIDA TOTAL (M2)
F10: (f) Ancho | G10: (g) Longitud | H10: (h) Altura
E11: LINEA DE DEMARCACIÓN PARA PARQUEADEROS | G11: 4.5 | I11: =+F11*G11 -> 0 | J11: 21
E30: (l)TOTAL | K30: =+SUM(K11:K29) -> 0
A31: Elaboró: | C31: Elaboró: | E31: Revisó: | H31: Aprobó:

Sheet 1.8 (0)
C1: ALCALDÍA DE SAMACÁ | E1: MACROPROCESO | I1: MISIONAL
E2: PROCESO | I2: GESTIÓN TERRITORIAL E INFRAESTRUCTURA
C3: SISTEMA INTEGRADO DE GESTIÓN (MECI 1000:2014 – NTCGP 1000:2009) | E3: FORMATO
E4: F-GTI-015 | I4: Página 1 de 1
E5: Versión 1
A6: MEMORIAS DE CANTIDADES
A7: CÓDIGO | B7: 1.8 | C7: (b) DESCRIPCIÓN ÍTEM | D7: =+VLOOKUP(B7,'FORMATO PRESUPUESTO'!D10:L31,3,FALSE) -> 72151900 | J7: (c) UND: | K7: =+VLOOKUP(B7,'FORMATO PRESUPUESTO'!D10:L31,4,FALSE) -> DESMONTE ADOQUIN PREFABRICADO
A9: (d) DESCRIPCIÓN Y/O REGISTRO FOTOGRÁFICO DE LA MEMORIA | E9: (e) LOCALIZACIÓN | F9: DIMENSIONES | I9: =+CONCATENATE("(i) MEDIDA PARCIAL"," ","(",K7,")") -> (i) MEDIDA PARCIAL (DESMONTE ADOQUIN PREFABRICADO) | J9: (j) N° DE ELEMENTOS | K9: =+CONCATENATE("(k) MEDIDA TOTAL"," ","(",K7,")") -> (k) MEDIDA TOTAL (DESMONTE ADOQUIN PREFABRICADO)
F10: (f) Ancho | G10: (g) Longitud | H10: (h) Altura
E11: PARALELO A ZONA DE PARQUEO | G11: 60.4 | I11: =+G11 -> 60.4 | J11: 1
K12: =+I12*J12 -> 0
K13: =+I13*J13 -> 0
E30: (l)TOTAL | K30: =+SUM(K11:K29) -> 0
A31: Elaboró: | C31: Elaboró: | E31: Revisó: | H31: Aprobó:

Sheet 2.1
C1: ALCALDÍA DE SAMACÁ | E1: MACROPROCESO | I1: MISIONAL
E2: PROCESO | I2: GESTIÓN TERRITORIAL E INFRAESTRUCTURA
C3: SISTEMA INTEGRADO DE GESTIÓN (MECI 1000:2014 – NTCGP 1000:2009) | E3: FORMATO
E4: F-GTI-015 | I4: Página 1 de 1
E5: Versión 1
A6: MEMORIAS DE CANTIDADES
A7: CÓDIGO | B7: 2.1 | C7: (b) DESCRIPCIÓN ÍTEM | D7: ='FORMATO PRESUPUESTO'!G9 -> CORTE DE ARBUSTO | J7: (c) UND: | K7: km
A9: (d) DESCRIPCIÓN Y/O REGISTRO FOTOGRÁFICO DE LA MEMORIA | E9: (e) LOCALIZACIÓN | F9: DIMENSIONES | I9: (i) MEDIDA PARCIAL (M2) | J9: (j) N° DE ELEMENTOS | K9: (k) MEDIDA TOTAL (km)
F10: N° | G10: (g) Longitud | H10: (h) Altura
E11: =D7 -> CORTE DE ARBUSTO | F11: 1 | G11: =24.3/1000 -> 0.0243 | J11: 1 | K11: =G11*J11 -> 0.0243
F12: 2 | G12: 0.065 | J12: 1 | K12: =G12*J12 -> 0.065
F13: 3 | G13: =21.5/1000 -> 0.0215 | J13: 1 | K13: =G13*J13 -> 0.0215
F14: 4 | G14: 0.02 | J14: 1 | K14: =G14*J14 -> 0.02
F15: 5 | G15: =2.5/1000 -> 0.0025 | J15: 1 | K15: =G15*J15 -> 0.0025
F16: 6 | G16: 0.025 | J16: 1 | K16: =G16*J16 -> 0.025
E17: ANDEN PERIMETRAL | F17: 7 | G17: 0.081 | J17: 1 | K17: =G17*J17 -> 0.081
E18: AREA DE ESCALERAS | F18: 8 | G18: 0.02 | J18: 1 | K18: =G18*J18 -> 0.02
E19: SENDERO PEATONAL Y RAMPA ENTRE ESCALERAS | F19: 9 | G19: =(3.9+18.5+4.9+7.2)/1000 -> 0.0345 | J19: 1 | K19: =G19*J19 -> 0.0345
E30: (l)TOTAL | K30: =+SUM(K11:K29) -> 0.2938
A31: Elaboró: | C31: Elaboró: | E31: Revisó: | H31: Aprobó:
G43: =18.5+4.9 -> 23.4

Sheet 2.2
C1: ALCALDÍA DE SAMACÁ | E1: MACROPROCESO | I1: MISIONAL
E2: PROCESO | I2: GESTIÓN TERRITORIAL E INFRAESTRUCTURA
C3: SISTEMA INTEGRADO DE GESTIÓN (MECI 1000:2014 – NTCGP 1000:2009) | E3: FORMATO
E4: F-GTI-015 | I4: Página 1 de 1
E5: Versión 1
A6: MEMORIAS DE CANTIDADES
A7: CÓDIGO | B7: 2.2 | C7: (b) DESCRIPCIÓN ÍTEM | D7: =+VLOOKUP(B7,'FORMATO PRESUPUESTO'!D10:L31,3,FALSE) -> 72101500 | J7: (c) UND: | K7: =+VLOOKUP(B7,'FORMATO PRESUPUESTO'!D10:L31,4,FALSE) -> RELLENO CON MATERIAL DE AFIRMADO COMPACTADO RANA Y/O VIBROCOMPACTADOR
A9: (d) DESCRIPCIÓN Y/O REGISTRO FOTOGRÁFICO DE LA MEMORIA | E9: (e) LOCALIZACIÓN | F9: DIMENSIONES | I9: (i) MEDIDA PARCIAL (M3) | J9: (j) N° DE ELEMENTOS | K9: (k) MEDIDA TOTAL (M3)
F10: area m2 | H10: (h) Altura
E11: SENDERO | F11: =29.31+36.3+23.4+21.08+17.195+17.0531+36.5702+15+15+17+6.4 -> 234.3083 | H11: 0.3 | I11: =+H11*F11 -> 70.29249 | J11: 1 | K11: =+I11*J11 -> 70.29249
E12: ROMBO | F12: 36 | H12: 0.3 | I12: =+H12*F12 -> 10.8 | J12: 4 | K12: =+I12*J12 -> 43.2
E13: TRAPECIO | F13: 3.88 | H13: 0.3 | I13: =+H13*F13 -> 1.164 | J13: 6 | K13: =+I13*J13 -> 6.984
E46: (l)TOTAL | K46: =+SUM(K11:K45) -> 120.47649
A47: Elaboró: | C47: Elaboró: | E47: Revisó: | H47: Aprobó:

Sheet 2.2 (2)
C1: ALCALDÍA DE SAMACÁ | E1: MACROPROCESO | I1: MISIONAL
E2: PROCESO | I2: GESTIÓN TERRITORIAL E INFRAESTRUCTURA
C3: SISTEMA INTEGRADO DE GESTIÓN (MECI 1000:2014 – NTCGP 1000:2009) | E3: FORMATO
E4: F-GTI-015 | I4: Página 1 de 1
E5: Versión 1
A6: MEMORIAS DE CANTIDADES
A7: CÓDIGO | B7: 2.2 | C7: (b) DESCRIPCIÓN ÍTEM | D7: =+VLOOKUP(B7,'FORMATO PRESUPUESTO'!D10:L31,3,FALSE) -> 72101500 | J7: (c) UND: | K7: =+VLOOKUP(B7,'FORMATO PRESUPUESTO'!D10:L31,4,FALSE) -> RELLENO CON MATERIAL DE AFIRMADO COMPACTADO RANA Y/O VIBROCOMPACTADOR
A9: (d) DESCRIPCIÓN Y/O REGISTRO FOTOGRÁFICO DE LA MEMORIA | E9: (e) LOCALIZACIÓN | F9: DIMENSIONES | I9: (i) MEDIDA PARCIAL (M3) | J9: (j) N° DE ELEMENTOS | K9: (k) MEDIDA TOTAL (M3)
F10: area m2 | H10: (h) Altura
E11: SENDERO | F11: =29.31+36.3+23.4+21.08+17.195+17.0531+36.5702+15+15+17+6.4 -> 234.3083 | H11: 0.3 | I11: =+H11*F11 -> 70.29249 | J11: 1 | K11: =+I11*J11 -> 70.29249
E12: ROMBO | F12: 36 | H12: 0.3 | I12: =+H12*F12 -> 10.8 | J12: 4 | K12: =+I12*J12 -> 43.2
E13: TRAPECIO | F13: 3.88 | H13: 0.3 | I13: =+H13*F13 -> 1.164 | J13: 6 | K13: =+I13*J13 -> 6.984
F14: UBICACIÓN | G14: MUNICIPIO | H14: CONTRATISTA
E15: SENDERO | F15: 1 | G15: 29.31 | H15: 30.78 | I15: 0.3 | J15: 1 | K15: =H15*I15*J15 -> 9.234 | M15: LOSETA A-40 TRAMO 1 | N15: 23.35 | P15: 3 | Q15: 13.1 | R15: 1 | S15: =Q15*R15 -> 13.1
F16: 2 | G16: 36.3 | H16: 38.4 | I16: 0.3 | J16: 1 | K16: =H16*I16*J16 -> 11.52 | N16: 21.7 | P16: 4 | Q16: 8.83 | R16: 1 | S16: =Q16*R16 -> 8.83
F17: 3 | G17: 23.4 | H17: 13.1 | I17: 0.3 | J17: 1 | K17: =H17*I17*J17 -> 3.93 | M17: LOSETA A-40 TRAMO 2 | N17: 36.63 | P17: 2 | Q17: 38.4 | R17: 1 | S17: =Q17*R17 -> 38.4
F18: 4 | G18: 21.08 | H18: 8.83 | I18: 0.3 | J18: 1 | K18: =H18*I18*J18 -> 2.649 | N18: 37.48 | P18: 7 | Q18: 42.85 | R18: 1 | S18: =Q18*R18 -> 42.85
F19: 5 | G19: 17.195 | H19: 7.32 | I19: 0.3 | J19: 1 | K19: =H19*I19*J19 -> 2.196 | N19: 17.03 | P19: 10 | Q19: 22.44 | R19: 1 | S19: =Q19*R19 -> 22.44
F20: 6 | G20: 17.0531 | H20: 7.12 | I20: 0.3 | J20: 1 | K20: =H20*I20*J20 -> 2.136 | M20: LOSETA A-40 TRAMO 3 | N20: 17.19 | P20: 5 | Q20: 7.32 | R20: 1 | S20: =Q20*R20 -> 7.32
F21: 7 | G21: 36.5702 | H21: 42.85 | I21: 0.3 | J21: 1 | K21: =H21*I21*J21 -> 12.855 | N21: 17.06 | P21: 6 | Q21: 7.12 | R21: 1 | S21: =Q21*R21 -> 7.12
F22: 8 | G22: 15 | H22: 5.1 | I22: 0.3 | J22: 1 | K22: =H22*I22*J22 -> 1.53 | M22: LOSETA A-40 TRAMO 4 | N22: 15.11 | P22: 8 | Q22: 5.1 | R22: 1 | S22: =Q22*R22 -> 5.1
F23: 9 | G23: 15 | H23: 5 | I23: 0.3 | J23: 1 | K23: =H23*I23*J23 -> 1.5 | N23: 14.97 | P23: 9 | Q23: 5 | R23: 1 | S23: =Q23*R23 -> 5
F24: 10 | G24: 17 | H24: 22.44 | I24: 0.3 | J24: 1 | K24: =H24*I24*J24 -> 6.732 | M24: LOSETA A-40 TRAMO 5 | N24: 6.42 | P24: 11 | Q24: 8.55 | R24: 1 | S24: =Q24*R24 -> 8.55
F25: 11 | G25: 6.4 | H25: 8.55 | I25: 0.3 | J25: 1 | K25: =H25*I25*J25 -> 2.565 | M25: LOSETA A-40 TRAMO 6 | N25: 29.31 | P25: 1 | Q25: 30.78 | R25: 1 | S25: =Q25*R25 -> 30.78
G26: =SUM(G15:G25) -> 234.3083 | H26: =SUM(H15:H25) -> 189.49 | K26: =H26*I26*J26 -> 0 | N26: =SUM(N15:O25) -> 236.25
E27: ROMBO | F27: 1a | G27: =4.53*4.53 -> 20.5209 | H27: =4.53*4.53 -> 20.5209 | I27: 0.3 | J27: 1 | K27: =H27*I27*J27 -> 6.15627
F28: 2a | G28: =4.53*4.53 -> 20.5209 | H28: =4.53*4.53 -> 20.5209 | I28: 0.3 | J28: 1 | K28: =H28*I28*J28 -> 6.15627
F29: 3a | G29: =4.53*4.53 -> 20.5209 | H29: =4.53*4.53 -> 20.5209 | I29: 0.3 | J29: 1 | K29: =H29*I29*J29 -> 6.15627
F30: 4a | G30: =4.53*4.53 -> 20.5209 | H30: =4.53*4.53 -> 20.5209 | I30: 0.3 | J30: 1 | K30: =H30*I30*J30 -> 6.15627
G31: =SUM(G27:G30) -> 82.0836 | H31: =SUM(H27:H30) -> 82.0836 | K31: =H31*I31*J31 -> 0 | M31: 1 | N31: 75.7524
E32: TRAPECIO | F32: 1b | G32: 3.88 | H32: =4.33*1.25 -> 5.4125 | I32: 0.3 | J32: 1 | K32: =H32*I32*J32 -> 1.62375 | M32: 2 | N32: 76.2417
F33: 2b | G33: 3.88 | H33: =4.33*1.25 -> 5.4125 | I33: 0.3 | J33: 1 | K33: =H33*I33*J33 -> 1.62375 | M33: 3 | N33: 59.2167
F34: 3b | G34: 3.88 | H34: =4.33*1.25 -> 5.4125 | I34: 0.3 | J34: 1 | K34: =H34*I34*J34 -> 1.62375 | M34: 4 | N34: 59.2894
F35: 4b | G35: 3.88 | H35: =4.33*1.25 -> 5.4125 | I35: 0.3 | J35: 1 | K35: =H35*I35*J35 -> 1.62375 | M35: 5 | N35: 40.9723
F36: 5b | G36: 3.88 | H36: =4.33*1.25 -> 5.4125 | I36: 0.3 | J36: 1 | K36: =H36*I36*J36 -> 1.62375 | M36: 6 | N36: 92.5683
F37: 6b | G37: 3.88 | H37: =4.33*1.25 -> 5.4125 | I37: 0.3 | J37: 1 | K37: =H37*I37*J37 -> 1.62375 | M37: 7 | N37: 54.4134
G38: =SUM(G32:G37) -> 23.28 | H38: =SUM(H32:H37) -> 32.475 | M38: 8 | N38: 11.0549
E39: ZONAS VERDES | F39: 1c | H39: 75.7524 | I39: 0.25 | J39: 1 | K39: =H39*I39*J39 -> 18.9381 | M39: 9 | N39: 279.36
F40: 2c | H40: 76.2417 | I40: 0.25 | J40: 1 | K40: =H40*I40*J40 -> 19.060425 | M40: 10 | N40: 3.1358
F41: 3c | H41: 59.2167 | I41: 0.2 | J41: 1 | K41: =H41*I41*J41 -> 11.84334
F42: 4c | H42: 59.2894 | I42: 0.2 | J42: 1 | K42: =H42*I42*J42 -> 11.85788
F43: 5c | H43: 40.9723 | I43: 0.15 | J43: 1 | K43: =H43*I43*J43 -> 6.145845
F44: 6c | H44: 92.5683 | I44: 0.18 | J44: 1 | K44: =H44*I44*J44 -> 16.662294
F45: 7c | H45: 54.4134 | I45: 0.15 | J45: 1 | K45: =H45*I45*J45 -> 8.16201
E46: ANDEN PERIMETRAL TORRES DE LA "A" - "C" | H46: =72.96*1.15 -> 83.904 | I46: 0.4 | J46: 1 | K46: =H46*I46*J46 -> 33.5616
E47: SENDERO ENTRE ESCALERAS FRENTE A TORRE "D" | H47: =28.97*2 -> 57.94 | I47: 0.7 | J47: 1 | K47: =H47*I47*J47 -> 40.558
E48: AREA DE ESCALERAS | H48: =(1.5+4.8)*5.3 -> 33.39 | I48: 0.6 | J48: 1 | K48: =H48*I48*J48 -> 20.034
E49: MURO DE CONTENCION AREA LOSA | F49: 2.1 | G49: 5 | H49: =F49*G49 -> 10.5 | I49: 1 | J49: 1 | K49: =H49*I49*J49 -> 10.5
E50: MURO DE CONTENCION AREA DIENTELON | F50: 0.4 | G50: 5 | H50: =F50*G50 -> 2 | I50: 0.6 | J50: 1 | K50: =H50*I50*J50 -> 1.2
E51: MURO DE CONTENCION AREA ELEVACION | F51: 1.9 | G51: 5 | H51: =F51*G51 -> 9.5 | I51: 3.2 | J51: 1 | K51: =H51*I51*J51 -> 30.4
F52: total area | G52: =G26+G31+G38 -> 339.6719 | H52: =H26+H31+H38 -> 304.0486 | M52: =0.17*19 -> 3.23
E58: (l)TOTAL | K58: =+SUM(K15:K57) -> 320.13807
A59: Elaboró: | C59: Elaboró: | E59: Revisó: | H59: Aprobó:
H69: MURO 3 | K69: 2.1 | L69: 2.9 | M69: 0.1 | N69: 1 | O69: =K69*L69*M69*N69 -> 0.609
H70: MURO 3 | K70: 0.4 | L70: 2.9 | M70: 0.6 | N70: 1 | O70: =K70*L70*M70*N70 -> 0.696

Sheet 2.3
C1: ALCALDÍA DE SAMACÁ | E1: MACROPROCESO | I1: MISIONAL
E2: PROCESO | I2: GESTIÓN TERRITORIAL E INFRAESTRUCTURA
C3: SISTEMA INTEGRADO DE GESTIÓN (MECI 1000:2014 – NTCGP 1000:2009) | E3: FORMATO
E4: F-GTI-015 | I4: Página 1 de 1
E5: Versión 1
A6: MEMORIAS DE CANTIDADES
A7: CÓDIGO | B7: 2.3 | C7: (b) DESCRIPCIÓN ÍTEM | D7: =+VLOOKUP(B7,'FORMATO PRESUPUESTO'!D10:L31,3,FALSE) -> 72101500 | J7: (c) UND: | K7: =+VLOOKUP(B7,'FORMATO PRESUPUESTO'!D10:L31,4,FALSE) -> PLACA BASE EN CONCRETO E= 8 CM 2500 PSI
A9: (d) DESCRIPCIÓN Y/O REGISTRO FOTOGRÁFICO DE LA MEMORIA | E9: (e) LOCALIZACIÓN | F9: DIMENSIONES | I9: (i) MEDIDA PARCIAL (Kg) | J9: (j) N° DE ELEMENTOS | K9: (k) MEDIDA TOTAL (kg)
F10: Area (m2) | H10: espesor (m)
E11: =+D7 -> 72101500 | F11: =23.3993+144+21.0727+36.3011+23.1084+17.195+17.0531+36.5702+15.1008+15.0025+17.0785+6.4079+29.3097 -> 401.5992 | H11: 0.2 | J11: 1 | K11: =+F11*H11*J11 -> 80.31984
E33: (l)TOTAL | K33: =+SUM(K11:K32) -> 80.31984
A34: Elaboró: | C34: Elaboró: | E34: Revisó: | H34: Aprobó:

Sheet 2.3 (2)
C1: ALCALDÍA DE SAMACÁ | E1: MACROPROCESO | I1: MISIONAL
E2: PROCESO | I2: GESTIÓN TERRITORIAL E INFRAESTRUCTURA
C3: SISTEMA INTEGRADO DE GESTIÓN (MECI 1000:2014 – NTCGP 1000:2009) | E3: FORMATO
E4: F-GTI-015 | I4: Página 1 de 1
E5: Versión 1
A6: MEMORIAS DE CANTIDADES
A7: CÓDIGO | B7: 2.3 | C7: (b) DESCRIPCIÓN ÍTEM | D7: =+VLOOKUP(B7,'FORMATO PRESUPUESTO'!D10:L31,3,FALSE) -> 72101500 | J7: (c) UND: | K7: =+VLOOKUP(B7,'FORMATO PRESUPUESTO'!D10:L31,4,FALSE) -> PLACA BASE EN CONCRETO E= 8 CM 2500 PSI
A9: (d) DESCRIPCIÓN Y/O REGISTRO FOTOGRÁFICO DE LA MEMORIA | E9: (e) LOCALIZACIÓN | F9: DIMENSIONES | I9: (i) MEDIDA PARCIAL (Kg) | J9: (j) N° DE ELEMENTOS | K9: (k) MEDIDA TOTAL (kg)
F10: Area (m2) | H10: espesor (m)
E11: =+D7 -> 72101500 | F11: =23.3993+144+21.0727+36.3011+23.1084+17.195+17.0531+36.5702+15.1008+15.0025+17.0785+6.4079+29.3097 -> 401.5992 | H11: 0.2 | J11: 1 | K11: =+F11*H11*J11 -> 80.31984
F13: UBICACIÓN | G13: MUNICIPIO | H13: CONTRATISTA
E14: SENDERO | F14: 1 | G14: 29.31 | H14: 30.78 | I14: 0.2 | J14: 1 | K14: =H14*I14*J14 -> 6.156
F15: 2 | G15: 36.3 | H15: 38.4 | I15: 0.2 | J15: 1 | K15: =H15*I15*J15 -> 7.68
F16: 3 | G16: 23.4 | H16: 13.1 | I16: 0.2 | J16: 1 | K16: =H16*I16*J16 -> 2.62
F17: 4 | G17: 21.08 | H17: 8.83 | I17: 0.2 | J17: 1 | K17: =H17*I17*J17 -> 1.766
F18: 5 | G18: 17.195 | H18: 7.32 | I18: 0.2 | J18: 1 | K18: =H18*I18*J18 -> 1.464
F19: 6 | G19: 17.0531 | H19: 7.12 | I19: 0.2 | J19: 1 | K19: =H19*I19*J19 -> 1.424
F20: 7 | G20: 36.5702 | H20: 42.85 | I20: 0.2 | J20: 1 | K20: =H20*I20*J20 -> 8.57
F21: 8 | G21: 15 | H21: 5.1 | I21: 0.2 | J21: 1 | K21: =H21*I21*J21 -> 1.02
F22: 9 | G22: 15 | H22: 5 | I22: 0.2 | J22: 1 | K22: =H22*I22*J22 -> 1
F23: 10 | G23: 17 | H23: 22.44 | I23: 0.2 | J23: 1 | K23: =H23*I23*J23 -> 4.488
F24: 11 | G24: 6.4 | H24: 8.55 | I24: 0.2 | J24: 1 | K24: =H24*I24*J24 -> 1.71
G25: =SUM(G14:G24) -> 234.3083 | H25: =SUM(H14:H24) -> 189.49 | K25: =H25*I25*J25 -> 0
E26: ROMBO | F26: 1a | G26: =4.53*4.53 -> 20.5209 | H26: =4.53*4.53 -> 20.5209 | I26: 0.2 | J26: 1 | K26: =H26*I26*J26 -> 4.10418
F27: 2a | G27: =4.53*4.53 -> 20.5209 | H27: =4.53*4.53 -> 20.5209 | I27: 0.2 | J27: 1 | K27: =H27*I27*J27 -> 4.10418
F28: 3a | G28: =4.53*4.53 -> 20.5209 | H28: =4.53*4.53 -> 20.5209 | I28: 0.2 | J28: 1 | K28: =H28*I28*J28 -> 4.10418
F29: 4a | G29: =4.53*4.53 -> 20.5209 | H29: =4.53*4.53 -> 20.5209 | I29: 0.2 | J29: 1 | K29: =H29*I29*J29 -> 4.10418
G30: =SUM(G26:G29) -> 82.0836 | H30: =SUM(H26:H29) -> 82.0836 | K30: =H30*I30*J30 -> 0
E31: TRAPECIO | F31: 1b | G31: 3.88 | H31: =4.33*1.25 -> 5.4125 | I31: 0.2 | J31: 1 | K31: =H31*I31*J31 -> 1.0825
F32: 2b | G32: 3.88 | H32: =4.33*1.25 -> 5.4125 | I32: 0.2 | J32: 1 | K32: =H32*I32*J32 -> 1.0825
F33: 3b | G33: 3.88 | H33: =4.33*1.25 -> 5.4125 | I33: 0.2 | J33: 1 | K33: =H33*I33*J33 -> 1.0825
F34: 4b | G34: 3.88 | H34: =4.33*1.25 -> 5.4125 | I34: 0.2 | J34: 1 | K34: =H34*I34*J34 -> 1.0825
F35: 5b | G35: 3.88 | H35: =4.33*1.25 -> 5.4125 | I35: 0.2 | J35: 1 | K35: =H35*I35*J35 -> 1.0825
F36: 6b | G36: 3.88 | H36: =4.33*1.25 -> 5.4125 | I36: 0.2 | J36: 1 | K36: =H36*I36*J36 -> 1.0825
G37: =SUM(G31:G36) -> 23.28 | H37: =SUM(H31:H36) -> 32.475
E38: ZONAS VERDES | F38: 1c | H38: 75.7524 | I38: 0.2 | J38: 1 | K38: =H38*I38*J38 -> 15.15048 | M38: 0.25
F39: 2c | H39: 76.2417 | I39: 0.2 | J39: 1 | K39: =H39*I39*J39 -> 15.24834 | M39: 0.25
F40: 3c | H40: 59.2167 | I40: 0.15 | J40: 1 | K40: =H40*I40*J40 -> 8.882505 | M40: 0.2
F41: 4c | H41: 59.2894 | I41: 0.15 | J41: 1 | K41: =H41*I41*J41 -> 8.89341 | M41: 0.2
F42: 5c | H42: 40.9723 | I42: 0.1 | J42: 1 | K42: =H42*I42*J42 -> 4.09723 | M42: 0.15
F43: 6c | H43: 92.5683 | I43: 0.13 | J43: 1 | K43: =H43*I43*J43 -> 12.033879 | M43: 0.18
F44: 7c | H44: 54.4134 | I44: 0.1 | J44: 1 | K44: =H44*I44*J44 -> 5.44134 | M44: 0.15
E45: ANDEN PERIMETRAL TORRES DE LA "A" - "C" | H45: =72.96*1.15 -> 83.904 | I45: 0.3 | J45: 1 | K45: =H45*I45*J45 -> 25.1712
E46: SENDERO ENTRE ESCALERAS FRENTE A TORRE "D" | H46: =28.97*2 -> 57.94 | I46: 0.4 | J46: 1 | K46: =H46*I46*J46 -> 23.176
E47: AREA DE ESCALERAS 2 | H47: =(1.5+4.8)*5.3 -> 33.39 | I47: 0.45 | J47: 1 | K47: =H47*I47*J47 -> 15.0255
E48: AREA DE ESCALERAS 1 | H48: =2.1*3.8 -> 7.98 | I48: 0.7 | J48: 1 | K48: =H48*I48*J48 -> 5.586
E49: MURO DE CONTENCION AREA ELEVACION | F49: 1.5 | G49: 5 | H49: =F49*G49 -> 7.5 | I49: 3.2 | J49: 1 | K49: =H49*I49*J49 -> 24
F50: total area | G50: =G25+G30+G37 -> 339.6719
E55: (l)TOTAL | K55: =+SUM(K14:K54) -> 223.5156
A56: Elaboró: | C56: Elaboró: | E56: Revisó: | H56: Aprobó:

Sheet 2.4
C1: ALCALDÍA DE SAMACÁ | E1: MACROPROCESO | I1: MISIONAL
E2: PROCESO | I2: GESTIÓN TERRITORIAL E INFRAESTRUCTURA
C3: SISTEMA INTEGRADO DE GESTIÓN (MECI 1000:2014 – NTCGP 1000:2009) | E3: FORMATO
E4: F-GTI-015 | I4: Página 1 de 1
E5: Versión 1
A6: MEMORIAS DE CANTIDADES
A7: CÓDIGO | B7: ='FORMATO PRESUPUESTO'!#REF! -> #REF! | C7: (b) DESCRIPCIÓN ÍTEM | D7: ='FORMATO PRESUPUESTO'!#REF! -> #REF! | J7: (c) UND: | K7: =+VLOOKUP(B7,'FORMATO PRESUPUESTO'!D10:L31,4,FALSE) -> #REF!
A9: (d) DESCRIPCIÓN Y/O REGISTRO FOTOGRÁFICO DE LA MEMORIA | E9: (e) LOCALIZACIÓN | F9: DIMENSIONES | I9: (i) MEDIDA PARCIAL (M3) | J9: (j) N° DE ELEMENTOS | K9: (k) MEDIDA TOTAL (M2)
F10: (f) Ancho | G10: (g) Longitud | H10: (h) Altura
E11: LOSETA PARA SECCIÓN DE ROMBOS | F11: 4.2 | G11: 4.2 | H11: 0 | I11: =G11*F11 -> 17.64 | J11: 4 | K11: =+J11*I11 -> 70.56
E30: (l)TOTAL | K30: =+SUM(K11:K29) -> 70.56
A31: Elaboró: | C31: Elaboró: | E31: Revisó: | H31: Aprobó:

Sheet 2.4 VF
C1: ALCALDÍA DE SAMACÁ | E1: MACROPROCESO | I1: MISIONAL
E2: PROCESO | I2: GESTIÓN TERRITORIAL E INFRAESTRUCTURA
C3: SISTEMA INTEGRADO DE GESTIÓN (MECI 1000:2014 – NTCGP 1000:2009) | E3: FORMATO
E4: F-GTI-015 | I4: Página 1 de 1
E5: Versión 1
A6: MEMORIAS DE CANTIDADES
A7: CÓDIGO | B7: ='FORMATO PRESUPUESTO'!#REF! -> #REF! | C7: (b) DESCRIPCIÓN ÍTEM | D7: ='FORMATO PRESUPUESTO'!#REF! -> #REF! | J7: (c) UND: | K7: =+VLOOKUP(B7,'FORMATO PRESUPUESTO'!D10:L31,4,FALSE) -> #REF!
A9: (d) DESCRIPCIÓN Y/O REGISTRO FOTOGRÁFICO DE LA MEMORIA | E9: (e) LOCALIZACIÓN | F9: DIMENSIONES | I9: (i) MEDIDA PARCIAL (M3) | J9: (j) N° DE ELEMENTOS | K9: (k) MEDIDA TOTAL (M2)
F10: (f) Ancho | G10: (g) Longitud | H10: (h) Altura
E11: LOSETA PARA SECCIÓN DE ROMBOS | F11: 3.2 | G11: 3.2 | H11: 0 | I11: =G11*F11 -> 10.24 | J11: 4 | K11: =+J11*I11 -> 40.96
E30: (l)TOTAL | K30: =+SUM(K11:K29) -> 40.96
A31: Elaboró: | C31: Elaboró: | E31: Revisó: | H31: Aprobó:

Sheet 2.5
C1: ALCALDÍA DE SAMACÁ | E1: MACROPROCESO | I1: MISIONAL
E2: PROCESO | I2: GESTIÓN TERRITORIAL E INFRAESTRUCTURA
C3: SISTEMA INTEGRADO DE GESTIÓN (MECI 1000:2014 – NTCGP 1000:2009) | E3: FORMATO
E4: F-GTI-015 | I4: Página 1 de 1
E5: Versión 1
A6: MEMORIAS DE CANTIDADES
A7: CÓDIGO | B7: 2.5 | C7: (b) DESCRIPCIÓN ÍTEM | D7: =+VLOOKUP(B7,'FORMATO PRESUPUESTO'!D10:L31,3,FALSE) -> 72101500 | J7: (c) UND: | K7: =+VLOOKUP(B7,'FORMATO PRESUPUESTO'!D10:L31,4,FALSE) -> PINTURA EPOXICA PARA PISOS EN CONCRETO
A9: (d) DESCRIPCIÓN Y/O REGISTRO FOTOGRÁFICO DE LA MEMORIA | E9: (e) LOCALIZACIÓN | F9: DIMENSIONES | I9: =+CONCATENATE("(i) MEDIDA PARCIAL"," ","(",K7,")") -> (i) MEDIDA PARCIAL (PINTURA EPOXICA PARA PISOS EN CONCRETO) | J9: (j) N° DE ELEMENTOS | K9: =+CONCATENATE("(k) MEDIDA TOTAL"," ","(",K7,")") -> (k) MEDIDA TOTAL (PINTURA EPOXICA PARA PISOS EN CONCRETO)
F10: AREA (m2) | H10: (h) Altura
E11: LOSETA DE CUADRADOS | F11: =4.2*4.2 -> 17.64 | I11: =+G11*H11 -> 0 | J11: 4 | K11: =+F11*J11 -> 70.56
E12: LOSETA A-40 TRAMO 1 | F12: =21.0727+23.3993 -> 44.472 | J12: 1 | K12: =+F12*J12 -> 44.472
E13: LOSETA A-40 TRAMO 2 | F13: =36.3011+36.5702+17.0785 -> 89.9498 | J13: 1 | K13: =+F13*J13 -> 89.9498
E14: LOSETA A-40 TRAMO 3 | F14: =17.195+17.0531 -> 34.2481 | J14: 1 | K14: =+F14*J14 -> 34.2481
E15: LOSETA A-40 TRAMO 4 | F15: =15.1008+15.0025 -> 30.1033 | J15: 1 | K15: =+F15*J15 -> 30.1033
E16: LOSETA A-40 TRAMO 5 | F16: 6.4079 | J16: 1 | K16: =+F16*J16 -> 6.4079
E17: LOSETA A-40 TRAMO 6 | F17: 29.3097 | J17: 1 | K17: =+F17*J17 -> 29.3097
E30: (l)TOTAL | K30: =+SUM(K11:K29) -> 305.0508
A31: Elaboró: | C31: Elaboró: | E31: Revisó: | H31: Aprobó:

Sheet 2.5 (2)
C1: ALCALDÍA DE SAMACÁ | E1: MACROPROCESO | I1: MISIONAL
E2: PROCESO | I2: GESTIÓN TERRITORIAL E INFRAESTRUCTURA
C3: SISTEMA INTEGRADO DE GESTIÓN (MECI 1000:2014 – NTCGP 1000:2009) | E3: FORMATO
E4: F-GTI-015 | I4: Página 1 de 1
E5: Versión 1
A6: MEMORIAS DE CANTIDADES
A7: CÓDIGO | B7: 2.5 | C7: (b) DESCRIPCIÓN ÍTEM | D7: =+VLOOKUP(B7,'FORMATO PRESUPUESTO'!D10:L31,3,FALSE) -> 72101500 | J7: (c) UND: | K7: =+VLOOKUP(B7,'FORMATO PRESUPUESTO'!D10:L31,4,FALSE) -> PINTURA EPOXICA PARA PISOS EN CONCRETO
A9: (d) DESCRIPCIÓN Y/O REGISTRO FOTOGRÁFICO DE LA MEMORIA | E9: (e) LOCALIZACIÓN | F9: DIMENSIONES | I9: =+CONCATENATE("(i) MEDIDA PARCIAL"," ","(",K7,")") -> (i) MEDIDA PARCIAL (PINTURA EPOXICA PARA PISOS EN CONCRETO) | J9: (j) N° DE ELEMENTOS | K9: =+CONCATENATE("(k) MEDIDA TOTAL"," ","(",K7,")") -> (k) MEDIDA TOTAL (PINTURA EPOXICA PARA PISOS EN CONCRETO)
F10: AREA (m2) | H10: (h) Altura
E11: LOSETA DE CUADRADOS | F11: =4.2*4.2 -> 17.64 | I11: =+G11*H11 -> 0 | J11: 0 | K11: =+F11*J11 -> 0
E12: LOSETA A-40 TRAMO 1 | F12: =21.0727 -> 21.0727 | H12: 3 | I12: 23.35 | J12: 1 | K12: =F12*J12 -> 21.0727
F13: 23.3993 | H13: 4 | I13: 21.7 | J13: 1 | K13: =F13*J13 -> 23.3993
E14: LOSETA A-40 TRAMO 2 | F14: =36.3011 -> 36.3011 | H14: 2 | I14: 36.63 | J14: 1 | K14: =F14*J14 -> 36.3011
F15: 36.5702 | H15: 7 | I15: 37.48 | J15: 1 | K15: =F15*J15 -> 36.5702
F16: 17.0785 | H16: 10 | I16: 17.03 | J16: 1 | K16: =F16*J16 -> 17.0785
E17: LOSETA A-40 TRAMO 3 | F17: 17.195 | H17: 5 | I17: 17.19 | J17: 1 | K17: =F17*J17 -> 17.195
F18: 17.0531 | H18: 6 | I18: 17.06 | J18: 1 | K18: =F18*J18 -> 17.0531
E19: LOSETA A-40 TRAMO 4 | F19: =15.1008 -> 15.1008 | H19: 8 | I19: 15.11 | J19: 1 | K19: =F19*J19 -> 15.1008
F20: 15.0025 | H20: 9 | I20: 14.97 | J20: 1 | K20: =F20*J20 -> 15.0025
E21: LOSETA A-40 TRAMO 5 | F21: 6.4079 | H21: 11 | I21: 6.42 | J21: 1 | K21: =F21*J21 -> 6.4079
E22: LOSETA A-40 TRAMO 6 | F22: 29.3097 | H22: 2 | I22: 29.31 | J22: 1 | K22: =F22*J22 -> 29.3097
I23: =SUM(I11:I22) -> 236.25
E35: (l)TOTAL | K35: =+SUM(K11:K34) -> 234.4908
A36: Elaboró: | C36: Elaboró: | E36: Revisó: | H36: Aprobó:

Sheet 2.5 (3)
C1: ALCALDÍA DE SAMACÁ | E1: MACROPROCESO | I1: MISIONAL
E2: PROCESO | I2: GESTIÓN TERRITORIAL E INFRAESTRUCTURA
C3: SISTEMA INTEGRADO DE GESTIÓN (MECI 1000:2014 – NTCGP 1000:2009) | E3: FORMATO
E4: F-GTI-015 | I4: Página 1 de 1
E5: Versión 1
A6: MEMORIAS DE CANTIDADES
A7: CÓDIGO | B7: 2.5 | C7: (b) DESCRIPCIÓN ÍTEM | D7: =+VLOOKUP(B7,'FORMATO PRESUPUESTO'!D10:L31,3,FALSE) -> 72101500 | J7: (c) UND: | K7: =+VLOOKUP(B7,'FORMATO PRESUPUESTO'!D10:L31,4,FALSE) -> PINTURA EPOXICA PARA PISOS EN CONCRETO
A9: (d) DESCRIPCIÓN Y/O REGISTRO FOTOGRÁFICO DE LA MEMORIA | E9: (e) LOCALIZACIÓN | F9: DIMENSIONES | I9: =+CONCATENATE("(i) MEDIDA PARCIAL"," ","(",K7,")") -> (i) MEDIDA PARCIAL (PINTURA EPOXICA PARA PISOS EN CONCRETO) | J9: (j) N° DE ELEMENTOS | K9: =+CONCATENATE("(k) MEDIDA TOTAL"," ","(",K7,")") -> (k) MEDIDA TOTAL (PINTURA EPOXICA PARA PISOS EN CONCRETO)
F10: AREA (m2) | H10: (h) Altura
E11: LOSETA DE CUADRADOS | F11: =4.2*4.2 -> 17.64 | I11: =+G11*H11 -> 0 | J11: 0 | K11: =+F11*J11 -> 0
E12: LOSETA A-40 TRAMO 1 | F12: 23.35 | H12: 3 | I12: 13.1 | J12: 1 | K12: =I12*J12 -> 13.1 | M12: 23.35
F13: 21.7 | G13: 21.7 | H13: 4 | I13: 8.83 | J13: 1 | K13: =I13*J13 -> 8.83 | M13: 21.7
E14: LOSETA A-40 TRAMO 2 | F14: 36.63 | G14: 36.63 | H14: 2 | I14: 38.4 | J14: 1 | K14: =I14*J14 -> 38.4 | M14: 36.63
F15: 37.48 | G15: 37.48 | H15: 7 | I15: 42.85 | J15: 1 | K15: =I15*J15 -> 42.85 | M15: 37.48
F16: 17.03 | G16: 17.03 | H16: 10 | I16: 22.44 | J16: 1 | K16: =I16*J16 -> 22.44 | M16: 17.03
E17: LOSETA A-40 TRAMO 3 | F17: 17.19 | G17: 17.19 | H17: 5 | I17: 7.32 | J17: 1 | K17: =I17*J17 -> 7.32 | M17: 17.19
F18: 17.06 | G18: 17.06 | H18: 6 | I18: 7.12 | J18: 1 | K18: =I18*J18 -> 7.12 | M18: 17.06
E19: LOSETA A-40 TRAMO 4 | F19: 15.11 | G19: 15.11 | H19: 8 | I19: 5.1 | J19: 1 | K19: =I19*J19 -> 5.1 | M19: 15.11
F20: 14.97 | G20: 14.97 | H20: 9 | I20: 5 | J20: 1 | K20: =I20*J20 -> 5 | M20: 14.97
E21: LOSETA A-40 TRAMO 5 | F21: 6.42 | G21: 6.42 | H21: 11 | I21: 8.55 | J21: 1 | K21: =I21*J21 -> 8.55 | M21: 6.42
E22: LOSETA A-40 TRAMO 6 | F22: 29.31 | G22: 29.31 | H22: 1 | I22: 30.78 | J22: 1 | K22: =I22*J22 -> 30.78 | M22: 29.31
F23: =SUM(F12:F22) -> 236.25 | M23: =SUM(M12:M22) -> 236.25
E24: SENDERO ENTRE ESCALERAS FRENTE A TORRE "D" | I24: =28.97*1.6 -> 46.352 | J24: 1 | K24: =I24*J24 -> 46.352
E35: (l)TOTAL | K35: =+SUM(K12:K34) -> 235.842 | M35: =K35-F23 -> -0.408
A36: Elaboró: | C36: Elaboró: | E36: Revisó: | H36: Aprobó:

Sheet 2.6
C1: ALCALDÍA DE SAMACÁ | E1: MACROPROCESO | I1: MISIONAL
E2: PROCESO | I2: GESTIÓN TERRITORIAL E INFRAESTRUCTURA
C3: SISTEMA INTEGRADO DE GESTIÓN (MECI 1000:2014 – NTCGP 1000:2009) | E3: FORMATO
E4: F-GTI-015 | I4: Página 1 de 1
E5: Versión 1
A6: MEMORIAS DE CANTIDADES
A7: CÓDIGO | B7: =+'FORMATO PRESUPUESTO'!#REF! -> #REF! | C7: (b) DESCRIPCIÓN ÍTEM | D7: ='FORMATO PRESUPUESTO'!#REF! -> #REF! | J7: (c) UND: | K7: ='FORMATO PRESUPUESTO'!#REF! -> #REF!
A9: (d) DESCRIPCIÓN Y/O REGISTRO FOTOGRÁFICO DE LA MEMORIA | E9: (e) LOCALIZACIÓN | F9: DIMENSIONES | I9: (i) MEDIDA PARCIAL (M3) | J9: (j) N° DE ELEMENTOS | K9: (k) MEDIDA TOTAL (M2)
F10: (f) Ancho | G10: (g) Longitud | H10: (h) Altura
E11: SUMINISTRO E INSTALACIÓN DE ADOQUÍN PEATONAL CONCRETO 6 CM - para rombos | F11: 2.5 | G11: 2.5 | I11: =+((F11*G11)/2)*2 -> 6.25 | J11: 16 | K11: =+J11*I11 -> 100
E12: SUMINISTRO E INSTALACIÓN DE ADOQUÍN PEATONAL CONCRETO 6 CM - para bancos | F12: 4.23 | G12: 1.6 | H12: 1.85 | I12: =((F12+H12)*G12)/2 -> 4.864 | J12: 6 | K12: =+I12*J12 -> 29.184
E30: (l)TOTAL | K30: =+SUM(K11:K29) -> 129.184
A31: Elaboró: | C31: Elaboró: | E31: Revisó: | H31: Aprobó:

Sheet 2.6 (2)
C1: ALCALDÍA DE SAMACÁ | E1: MACROPROCESO | I1: MISIONAL
E2: PROCESO | I2: GESTIÓN TERRITORIAL E INFRAESTRUCTURA
C3: SISTEMA INTEGRADO DE GESTIÓN (MECI 1000:2014 – NTCGP 1000:2009) | E3: FORMATO
E4: F-GTI-015 | I4: Página 1 de 1
E5: Versión 1
A6: MEMORIAS DE CANTIDADES
A7: CÓDIGO | B7: =+'FORMATO PRESUPUESTO'!#REF! -> #REF! | C7: (b) DESCRIPCIÓN ÍTEM | D7: ='FORMATO PRESUPUESTO'!#REF! -> #REF! | J7: (c) UND: | K7: ='FORMATO PRESUPUESTO'!#REF! -> #REF!
A9: (d) DESCRIPCIÓN Y/O REGISTRO FOTOGRÁFICO DE LA MEMORIA | E9: (e) LOCALIZACIÓN | F9: DIMENSIONES | I9: (i) MEDIDA PARCIAL (M3) | J9: (j) N° DE ELEMENTOS | K9: (k) MEDIDA TOTAL (M2)
F10: (f) Ancho | G10: (g) Longitud | H10: (h) Altura
E11: SUMINISTRO E INSTALACIÓN DE ADOQUÍN PEATONAL CONCRETO 6 CM - para rombos | F11: 4.29 | G11: 2.14 | I11: =+((F11*G11)/2) -> 4.5903 | J11: 16 | K11: =+J11*I11 -> 73.4448
E12: SUMINISTRO E INSTALACIÓN DE ADOQUÍN PEATONAL CONCRETO 6 CM - para bancos | F12: 4.33 | G12: 1.83 | H12: 1.25 | I12: =((F12+G12)/2)*H12 -> 3.85 | J12: 6 | K12: =+I12*J12 -> 23.1
E30: (l)TOTAL | K30: =+SUM(K11:K29) -> 96.5448
A31: Elaboró: | C31: Elaboró: | E31: Revisó: | H31: Aprobó:

Sheet 2.6 (3)
C1: ALCALDÍA DE SAMACÁ | E1: MACROPROCESO | I1: MISIONAL
E2: PROCESO | I2: GESTIÓN TERRITORIAL E INFRAESTRUCTURA
C3: SISTEMA INTEGRADO DE GESTIÓN (MECI 1000:2014 – NTCGP 1000:2009) | E3: FORMATO
E4: F-GTI-015 | I4: Página 1 de 1
E5: Versión 1
A6: MEMORIAS DE CANTIDADES
A7: CÓDIGO | B7: =+'FORMATO PRESUPUESTO'!#REF! -> #REF! | C7: (b) DESCRIPCIÓN ÍTEM | D7: ='FORMATO PRESUPUESTO'!#REF! -> #REF! | J7: (c) UND: | K7: ='FORMATO PRESUPUESTO'!#REF! -> #REF!
A9: (d) DESCRIPCIÓN Y/O REGISTRO FOTOGRÁFICO DE LA MEMORIA | E9: (e) LOCALIZACIÓN | F9: DIMENSIONES | I9: (i) MEDIDA PARCIAL (M3) | J9: (j) N° DE ELEMENTOS | K9: (k) MEDIDA TOTAL (M2)
F10: (f) Ancho | G10: (g) Longitud | H10: (h) Altura
E11: SUMINISTRO E INSTALACIÓN DE ADOQUÍN PEATONAL CONCRETO 6 CM - para rombos | F11: 3.2 | G11: 1.6 | I11: =+((F11*G11)/2) -> 2.56 | J11: 16 | K11: =+J11*I11 -> 40.96
E12: SUMINISTRO E INSTALACIÓN DE ADOQUÍN PEATONAL CONCRETO 6 CM - para bancos | F12: 4.33 | G12: 1.83 | H12: 1.25 | I12: =((F12+G12)/2)*H12 -> 3.85 | J12: 6 | K12: =+I12*J12 -> 23.1
E13: ANDEN PERIMETRAL TORRES DE LA "A" - "B" | F13: 1 | G13: 72.96 | I13: =+((F13*G13)) -> 72.96 | J13: 1 | K13: =+J13*I13 -> 72.96 | L13: =K13*50 -> 3648
E14: TRAS DE TORRE "C" | F14: 1.5 | G14: 11 | I14: =+((F14*G14)) -> 16.5 | J14: 1 | K14: =+J14*I14 -> 16.5 | L14: =K14*50 -> 825
E15: TRAS DE TORRE "C" | F15: 2 | G15: 4.8 | I15: =+((F15*G15)) -> 9.6 | J15: 1 | K15: =+J15*I15 -> 9.6 | L15: =K15*50 -> 480
L16: =SUM(L13:L15) -> 4953
E30: (l)TOTAL | K30: =+SUM(K11:K29) -> 163.12
A31: Elaboró: | C31: Elaboró: | E31: Revisó: | H31: Aprobó:

Sheet 2.7
C1: ALCALDÍA DE SAMACÁ | E1: MACROPROCESO | I1: MISIONAL
E2: PROCESO | I2: GESTIÓN TERRITORIAL E INFRAESTRUCTURA
C3: SISTEMA INTEGRADO DE GESTIÓN (MECI 1000:2014 – NTCGP 1000:2009) | E3: FORMATO
E4: F-GTI-015 | I4: Página 1 de 1
E5: Versión 1
A6: MEMORIAS DE CANTIDADES
A7: CÓDIGO | B7: 2.6 | C7: (b) DESCRIPCIÓN ÍTEM | D7: PISO EN GRAMA INCL. TIERRA NEGRA | J7: (c) UND: | K7: =+VLOOKUP(B7,'FORMATO PRESUPUESTO'!D10:L31,4,FALSE) -> SUMINISTRO E INSTALACIÓN DE ADOQUÍN PEATONAL CONCRETO 6 CM COLOR SEGÚN ESPECIFICACIONES DE DISEÑO
A9: (d) DESCRIPCIÓN Y/O REGISTRO FOTOGRÁFICO DE LA MEMORIA | E9: (e) LOCALIZACIÓN | F9: DIMENSIONES | I9: (i) MEDIDA PARCIAL (M3) | J9: (j) N° DE ELEMENTOS | K9: (k) MEDIDA TOTAL (M2)
F10: n° | G10: Area
E11: =D7 -> PISO EN GRAMA INCL. TIERRA NEGRA | F11: 1 | G11: 75.7524 | J11: 1 | K11: =G11*J11 -> 75.7524
F12: 2 | G12: 76.2417 | J12: 1 | K12: =G12*J12 -> 76.2417
F13: 3 | G13: 59.2167 | J13: 1 | K13: =G13*J13 -> 59.2167
F14: 4 | G14: 59.2894 | J14: 1 | K14: =G14*J14 -> 59.2894
F15: 5 | G15: 40.9723 | J15: 1 | K15: =G15*J15 -> 40.9723
F16: 6 | G16: 92.5683 | J16: 1 | K16: =G16*J16 -> 92.5683
F17: 7 | G17: 54.4134 | J17: 1 | K17: =G17*J17 -> 54.4134
F18: 8 | G18: 11.0549 | J18: 1 | K18: =G18*J18 -> 11.0549
F19: 9 | G19: 279.36 | J19: 1 | K19: =G19*J19 -> 279.36
F20: 10 | G20: 3.1358 | J20: 1 | K20: =G20*J20 -> 3.1358
E30: (l)TOTAL | K30: =+SUM(K11:K29) -> 752.0049
A31: Elaboró: | C31: Elaboró: | E31: Revisó: | H31: Aprobó:

Sheet 2.7 (2)
C1: ALCALDÍA DE SAMACÁ | E1: MACROPROCESO | I1: MISIONAL
E2: PROCESO | I2: GESTIÓN TERRITORIAL E INFRAESTRUCTURA
C3: SISTEMA INTEGRADO DE GESTIÓN (MECI 1000:2014 – NTCGP 1000:2009) | E3: FORMATO
E4: F-GTI-015 | I4: Página 1 de 1
E5: Versión 1
A6: MEMORIAS DE CANTIDADES
A7: CÓDIGO | B7: 2.6 | C7: (b) DESCRIPCIÓN ÍTEM | D7: PISO EN GRAMA INCL. TIERRA NEGRA | K7: (c) UND: | L7: =+VLOOKUP(B7,'FORMATO PRESUPUESTO'!D10:L31,4,FALSE) -> SUMINISTRO E INSTALACIÓN DE ADOQUÍN PEATONAL CONCRETO 6 CM COLOR SEGÚN ESPECIFICACIONES DE DISEÑO
A9: (d) DESCRIPCIÓN Y/O REGISTRO FOTOGRÁFICO DE LA MEMORIA | E9: (e) LOCALIZACIÓN | F9: DIMENSIONES | I9: (i) MEDIDA PARCIAL (M3) | J9: DESCUENTO | K9: (j) N° DE ELEMENTOS | L9: (k) MEDIDA TOTAL (M2)
F10: n° | G10: Area
G11: MUNICIPIO | I11: CONTRATISTA
E12: =D7 -> PISO EN GRAMA INCL. TIERRA NEGRA | F12: 1 | G12: 75.7524 | I12: 75.78 | K12: 1 | L12: =I12*K12 -> 75.78
F13: 2 | G13: 76.2417 | I13: 76.24 | K13: 1 | L13: =I13*K13 -> 76.24
F14: 3 | G14: 59.2167 | I14: 59.18 | K14: 1 | L14: =I14*K14 -> 59.18
F15: 4 | G15: 59.2894 | I15: 59.3 | K15: 1 | L15: =I15*K15 -> 59.3
F16: 5 | G16: 40.9723 | I16: 40.96 | K16: 1 | L16: =I16*K16 -> 40.96
F17: 6 | G17: 92.5683 | I17: 92.19 | K17: 1 | L17: =I17*K17 -> 92.19
F18: 7 | G18: 54.4134 | I18: =74.63-20.22 -> 54.41 | K18: 1 | L18: =I18*K18 -> 54.41
F19: 8 | G19: 11.0549 | I19: 11.06 | K19: 1 | L19: =I19*K19 -> 11.06
F20: 9 | G20: 279.36 | I20: 269.34 | J20: 47.61 | K20: 1 | L20: =I20*K20-J20 -> 221.73
F21: ANDEN PERIMETRAL TORRES DE LA "A" - "C" | J21: 72.96 | K21: -1 | L21: =I21*K21-J21 -> -72.96
F22: 10 | G22: 3.1358 | I22: 2.81 | K22: 1 | L22: =I22*K22 -> 2.81
E32: (l)TOTAL | L32: =+SUM(L12:L31) -> 620.7
A33: Elaboró: | C33: Elaboró: | E33: Revisó: | H33: Aprobó:

Sheet 2.8
C1: ALCALDÍA DE SAMACÁ | E1: MACROPROCESO | I1: MISIONAL
E2: PROCESO | I2: GESTIÓN TERRITORIAL E INFRAESTRUCTURA
C3: SISTEMA INTEGRADO DE GESTIÓN (MECI 1000:2014 – NTCGP 1000:2009) | E3: FORMATO
E4: F-GTI-015 | I4: Página 1 de 1
E5: Versión 1
A6: MEMORIAS DE CANTIDADES
A7: CÓDIGO | B7: 2.8 | C7: (b) DESCRIPCIÓN ÍTEM | D7: =+VLOOKUP(B7,'FORMATO PRESUPUESTO'!D10:L31,3,FALSE) -> 72101500 | J7: (c) UND: | K7: =+VLOOKUP(B7,'FORMATO PRESUPUESTO'!D10:L31,4,FALSE) -> SUMINISTRO E INSTALACION DE SARDINEL PREFABRICADO A-10, INCLUYE MORTERO DE PEGA SEGUN NORMA NTC-4109
A9: (d) DESCRIPCIÓN Y/O REGISTRO FOTOGRÁFICO DE LA MEMORIA | E9: (e) LOCALIZACIÓN | F9: DIMENSIONES | I9: =+CONCATENATE("(i) MEDIDA PARCIAL"," ","(",K7,")") -> (i) MEDIDA PARCIAL (SUMINISTRO E INSTALACION DE SARDINEL PREFABRICADO A-10, INCLUYE MORTERO DE PEGA SEGUN NORMA NTC-4109) | J9: (j) N° DE ELEMENTOS | K9: =+CONCATENATE("(k) MEDIDA TOTAL"," ","(",K7,")") -> (k) MEDIDA TOTAL (SUMINISTRO E INSTALACION DE SARDINEL PREFABRICADO A-10, INCLUYE MORTERO DE PEGA SEGUN NORMA NTC-4109)
F10: (f) Ancho | G10: (g) Longitud | H10: (h) Altura
E11: ROMBOS | G11: =24+16.4 -> 40.4 | J11: 4 | K11: =+G11*J11 -> 161.6
E12: TRAMO 1 | G12: =9.53+7.86+10.2+9.3 -> 36.89 | J12: 1 | K12: =+G12*J12 -> 36.89
E13: TRAMO 2 | G13: =15.4+15.4+15.8+15.8+7.9+7.9 -> 78.2 | J13: 1 | K13: =+G13*J13 -> 78.2
E14: TRAMO 3 | G14: =7.8+7.73+8.1+7.5 -> 31.13 | J14: 1 | K14: =+G14*J14 -> 31.13
E15: TRAMO 4 | G15: =6.9+6.9+7.2+6.6 -> 27.6 | J15: 1 | K15: =+G15*J15 -> 27.6
E16: TRAMO 5 | G16: =3.3442+1.2 -> 4.5442 | J16: 1 | K16: =+G16*J16 -> 4.5442
E17: TRAMO 6 | G17: =21.29+21.29+1.31 -> 43.89 | J17: 1 | K17: =+G17*J17 -> 43.89
E18: BANCAS | G18: 5.4 | J18: 6 | K18: =+G18*J18 -> 32.4
E30: (l)TOTAL | K30: =+SUM(K11:K29) -> 416.2542
A31: Elaboró: | C31: Elaboró: | E31: Revisó: | H31: Aprobó:

Sheet 2.8 (0)
C1: ALCALDÍA DE SAMACÁ | E1: MACROPROCESO | I1: MISIONAL
E2: PROCESO | I2: GESTIÓN TERRITORIAL E INFRAESTRUCTURA
C3: SISTEMA INTEGRADO DE GESTIÓN (MECI 1000:2014 – NTCGP 1000:2009) | E3: FORMATO
E4: F-GTI-015 | I4: Página 1 de 1
E5: Versión 1
A6: MEMORIAS DE CANTIDADES
A7: CÓDIGO | B7: 2.8 | C7: (b) DESCRIPCIÓN ÍTEM | D7: =+VLOOKUP(B7,'FORMATO PRESUPUESTO'!D10:L31,3,FALSE) -> 72101500 | J7: (c) UND: | K7: =+VLOOKUP(B7,'FORMATO PRESUPUESTO'!D10:L31,4,FALSE) -> SUMINISTRO E INSTALACION DE SARDINEL PREFABRICADO A-10, INCLUYE MORTERO DE PEGA SEGUN NORMA NTC-4109
A9: (d) DESCRIPCIÓN Y/O REGISTRO FOTOGRÁFICO DE LA MEMORIA | E9: (e) LOCALIZACIÓN | F9: DIMENSIONES | I9: =+CONCATENATE("(i) MEDIDA PARCIAL"," ","(",K7,")") -> (i) MEDIDA PARCIAL (SUMINISTRO E INSTALACION DE SARDINEL PREFABRICADO A-10, INCLUYE MORTERO DE PEGA SEGUN NORMA NTC-4109) | J9: (j) N° DE ELEMENTOS | K9: =+CONCATENATE("(k) MEDIDA TOTAL"," ","(",K7,")") -> (k) MEDIDA TOTAL (SUMINISTRO E INSTALACION DE SARDINEL PREFABRICADO A-10, INCLUYE MORTERO DE PEGA SEGUN NORMA NTC-4109)
F10: (f) Ancho | G10: (g) Longitud | H10: (h) Altura
G11: MUNICIPIO | H11: CONTRATISTA
E12: ROMBOS | F12: EXTERNO | G12: =24 -> 24 | H12: =6*4 -> 24 | K12: =H12*J12 -> 0
G13: 16.4 | H13: =4.2*4 -> 16.8 | K13: =H13*J13 -> 0
E14: TRAMO 1 | G14: =9.53 -> 9.53
G15: 7.86
G16: 10.2
G17: 9.3
G18: =9.53+7.86+10.2+9.3 -> 36.89
E19: TRAMO 2 | G19: =15.4 -> 15.4
G20: 15.4
G21: 15.8
G22: 15.8
G23: 7.9
G24: 7.9
E25: TRAMO 3 | G25: =7.8 -> 7.8
G26: 7.73
G27: 8.1
G28: 7.5
E29: TRAMO 4 | G29: =6.9 -> 6.9
G30: =6.9 -> 6.9
G31: 7.2
G32: 6.6
E33: TRAMO 5 | G33: =3.3442 -> 3.3442
G34: 1.2
E35: TRAMO 6 | G35: =21.29 -> 21.29
G36: =21.29 -> 21.29
G37: 1.31
E38: BANCAS | G38: 5.4
E55: (l)TOTAL
A56: Elaboró: | C56: Elaboró: | E56: Revisó: | H56: Aprobó:

Sheet 2.9
C1: ALCALDÍA DE SAMACÁ | E1: MACROPROCESO | I1: MISIONAL
E2: PROCESO | I2: GESTIÓN TERRITORIAL E INFRAESTRUCTURA
C3: SISTEMA INTEGRADO DE GESTIÓN (MECI 1000:2014 – NTCGP 1000:2009) | E3: FORMATO
E4: F-GTI-015 | I4: Página 1 de 1
E5: Versión 1
A6: MEMORIAS DE CANTIDADES
A7: CÓDIGO | B7: 2.9 | C7: (b) DESCRIPCIÓN ÍTEM | D7: =+VLOOKUP(B7,'FORMATO PRESUPUESTO'!D10:L31,3,FALSE) -> #N/A | J7: (c) UND: | K7: =+VLOOKUP(B7,'FORMATO PRESUPUESTO'!D10:L31,4,FALSE) -> #N/A
A9: (d) DESCRIPCIÓN Y/O REGISTRO FOTOGRÁFICO DE LA MEMORIA | E9: (e) LOCALIZACIÓN | F9: DIMENSIONES | I9: =+CONCATENATE("(i) MEDIDA PARCIAL"," ","(",K7,")") -> #N/A | J9: (j) N° DE ELEMENTOS | K9: =+CONCATENATE("(k) MEDIDA TOTAL"," ","(",K7,")") -> #N/A
F10: (f) Ancho | G10: (g) Longitud | H10: (h) Altura
E11: =D7 -> #N/A | J11: 16 | K11: =+J11 -> 16
K12: =+I12*J12 -> 0
K13: =+I13*J13 -> 0
E30: (l)TOTAL | K30: =+SUM(K11:K29) -> 16
A31: Elaboró: | C31: Elaboró: | E31: Revisó: | H31: Aprobó:

Sheet 2.10(0)
C1: ALCALDÍA DE SAMACÁ | E1: MACROPROCESO | I1: MISIONAL
E2: PROCESO | I2: GESTIÓN TERRITORIAL E INFRAESTRUCTURA
C3: SISTEMA INTEGRADO DE GESTIÓN (MECI 1000:2014 – NTCGP 1000:2009) | E3: FORMATO
E4: F-GTI-015 | I4: Página 1 de 1
E5: Versión 1
A6: MEMORIAS DE CANTIDADES
A7: CÓDIGO | B7: 2.1 | C7: (b) DESCRIPCIÓN ÍTEM | D7: ='FORMATO PRESUPUESTO'!G29 -> SUMINISTRO E INSTALACION DE SARDINEL PREFABRICADO A-10, INCLUYE MORTERO DE PEGA SEGUN NORMA NTC-4109 | J7: (c) UND: | K7: ='FORMATO PRESUPUESTO'!H29 -> ML
A9: (d) DESCRIPCIÓN Y/O REGISTRO FOTOGRÁFICO DE LA MEMORIA | E9: (e) LOCALIZACIÓN | F9: DIMENSIONES | I9: =+CONCATENATE("(i) MEDIDA PARCIAL"," ","(",K7,")") -> (i) MEDIDA PARCIAL (ML) | J9: (j) N° DE ELEMENTOS | K9: (k) MEDIDA TOTAL (UND)
F10: (f) Ancho | G10: (g) Longitud | H10: (h) Altura
E11: BANCAS | I11: =+G11*H11 -> 0 | J11: 0 | K11: =+J11 -> 0
K12: =+I12*J12 -> 0
K13: =+I13*J13 -> 0
E30: (l)TOTAL | K30: =+SUM(K11:K29) -> 0
A31: Elaboró: | C31: Elaboró: | E31: Revisó: | H31: Aprobó:

Sheet 3.1
C1: ALCALDÍA DE SAMACÁ | E1: MACROPROCESO | I1: MISIONAL
E2: PROCESO | I2: GESTIÓN TERRITORIAL E INFRAESTRUCTURA
C3: SISTEMA INTEGRADO DE GESTIÓN (MECI 1000:2014 – NTCGP 1000:2009) | E3: FORMATO
E4: F-GTI-015 | I4: Página 1 de 1
E5: Versión 1
A6: MEMORIAS DE CANTIDADES
A7: CÓDIGO | B7: 3.1 | C7: (b) DESCRIPCIÓN ÍTEM | D7: =+VLOOKUP(B7,'FORMATO PRESUPUESTO'!D10:L31,3,FALSE) -> #N/A | J7: (c) UND: | K7: =+VLOOKUP(B7,'FORMATO PRESUPUESTO'!D10:L31,4,FALSE) -> #N/A
A9: (d) DESCRIPCIÓN Y/O REGISTRO FOTOGRÁFICO DE LA MEMORIA | E9: (e) LOCALIZACIÓN | F9: DIMENSIONES | I9: =+CONCATENATE("(i) MEDIDA PARCIAL"," ","(",K7,")") -> #N/A | J9: (j) N° DE ELEMENTOS | K9: =+CONCATENATE("(k) MEDIDA TOTAL"," ","(",K7,")") -> #N/A
F10: (f) Ancho | G10: (g) Longitud | H10: (h) Altura
E11: =+D7 -> #N/A | I11: 1 | J11: 1 | K11: =+I11*J11 -> 1
K12: =+I12*J12 -> 0
K13: =+I13*J13 -> 0
E30: (l)TOTAL | K30: =+SUM(K11:K29) -> 1
A31: Elaboró: | C31: Elaboró: | E31: Revisó: | H31: Aprobó:

Sheet 3.2
C1: ALCALDÍA DE SAMACÁ | E1: MACROPROCESO | I1: MISIONAL
E2: PROCESO | I2: GESTIÓN TERRITORIAL E INFRAESTRUCTURA
C3: SISTEMA INTEGRADO DE GESTIÓN (MECI 1000:2014 – NTCGP 1000:2009) | E3: FORMATO
E4: F-GTI-015 | I4: Página 1 de 1
E5: Versión 1
A6: MEMORIAS DE CANTIDADES
A7: CÓDIGO | B7: 3.2 | C7: (b) DESCRIPCIÓN ÍTEM | D7: ='FORMATO PRESUPUESTO'!#REF! -> #REF! | J7: (c) UND: | K7: =+VLOOKUP(B7,'FORMATO PRESUPUESTO'!D10:L31,4,FALSE) -> #N/A
A9: (d) DESCRIPCIÓN Y/O REGISTRO FOTOGRÁFICO DE LA MEMORIA | E9: (e) LOCALIZACIÓN | F9: DIMENSIONES | I9: (i) MEDIDA PARCIAL (ML) | J9: (j) N° DE ELEMENTOS | K9: (k) MEDIDA TOTAL (M3)
F10: area (m2) | H10: (h) espesor
E11: AREA 1 | F11: 8.2608 | H11: 0.1 | I11: =+H11*F11 -> 0.82608 | J11: 1 | K11: =+I11*J11 -> 0.82608
E12: AREA 2 | F12: 14.3491 | H12: 0.1 | I12: =+H12*F12 -> 1.43491 | J12: 1 | K12: =+I12*J12 -> 1.43491
E13: AREA 3 | F13: 25.5 | H13: 0.1 | I13: =+H13*F13 -> 2.55 | J13: 1 | K13: =+I13*J13 -> 2.55
E30: (l)TOTAL | K30: =+SUM(K11:K29) -> 4.81099
A31: Elaboró: | C31: Elaboró: | E31: Revisó: | H31: Aprobó:

Sheet 3.3
C1: ALCALDÍA DE SAMACÁ | E1: MACROPROCESO | I1: MISIONAL
E2: PROCESO | I2: GESTIÓN TERRITORIAL E INFRAESTRUCTURA
C3: SISTEMA INTEGRADO DE GESTIÓN (MECI 1000:2014 – NTCGP 1000:2009) | E3: FORMATO
E4: F-GTI-015 | I4: Página 1 de 1
E5: Versión 1
A6: MEMORIAS DE CANTIDADES
A7: CÓDIGO | B7: 3.3 | C7: (b) DESCRIPCIÓN ÍTEM | D7: =+VLOOKUP(B7,'FORMATO PRESUPUESTO'!D10:L31,3,FALSE) -> #N/A | J7: (c) UND: | K7: =+VLOOKUP(B7,'FORMATO PRESUPUESTO'!D10:L31,4,FALSE) -> #N/A
A9: (d) DESCRIPCIÓN Y/O REGISTRO FOTOGRÁFICO DE LA MEMORIA | E9: (e) LOCALIZACIÓN | F9: DIMENSIONES | I9: =+CONCATENATE("(i) MEDIDA PARCIAL"," ","(",K7,")") -> #N/A | J9: (j) N° DE ELEMENTOS | K9: =+CONCATENATE("(k) MEDIDA TOTAL"," ","(",K7,")") -> #N/A
F10: (f) Ancho | G10: (g) Longitud | H10: (d) KG/M2
E11: area de parque | F11: 2.3 | G11: 6 | I11: 42.2 | J11: 2.5 | K11: =+I11*J11 -> 105.5
E12: area de parque | F12: 25.5 | G12: 2 | I12: =F12*G12 -> 51 | J12: 2.5 | K12: =+I12*J12 -> 127.5
E13: Perimetral bloque C | F13: 0.6 | G13: 9 | H13: 3.52 | I13: =F13*G13*H13 -> 19.008 | J13: 2 | K13: =I13*J13 -> 38.016
E30: (l)TOTAL | K30: =+SUM(K11:K29) -> 271.016
A31: Elaboró: | C31: Elaboró: | E31: Revisó: | H31: Aprobó:

Sheet 4.1 
C1: ALCALDÍA DE SAMACÁ | E1: MACROPROCESO | I1: MISIONAL
E2: PROCESO | I2: GESTIÓN TERRITORIAL E INFRAESTRUCTURA
C3: SISTEMA INTEGRADO DE GESTIÓN (MECI 1000:2014 – NTCGP 1000:2009) | E3: FORMATO
E4: F-GTI-015 | I4: Página 1 de 1
E5: Versión 1
A6: MEMORIAS DE CANTIDADES
A7: CÓDIGO | B7: 1.8 | C7: (b) DESCRIPCIÓN ÍTEM | D7: SUMINISTRO E INSTALACION DE BORDILLO PREFABRICADO A-81 | J7: (c) UND: | K7: =+VLOOKUP(B7,'FORMATO PRESUPUESTO'!D10:L31,4,FALSE) -> DESMONTE ADOQUIN PREFABRICADO
A9: (d) DESCRIPCIÓN Y/O REGISTRO FOTOGRÁFICO DE LA MEMORIA | E9: (e) LOCALIZACIÓN | F9: DIMENSIONES | I9: =+CONCATENATE("(i) MEDIDA PARCIAL"," ","(",K7,")") -> (i) MEDIDA PARCIAL (DESMONTE ADOQUIN PREFABRICADO) | J9: (j) N° DE ELEMENTOS | K9: =+CONCATENATE("(k) MEDIDA TOTAL"," ","(",K7,")") -> (k) MEDIDA TOTAL (DESMONTE ADOQUIN PREFABRICADO)
F10: (f) Ancho | G10: (g) Longitud | H10: (h) Altura
E11: PLAZOLETA TORRE "C" | G11: =1.5+2+2+4.8 -> 10.3 | I11: =+G11 -> 10.3 | J11: 1 | K11: =+I11*J11 -> 10.3
E12: ANDEN PERIMETRAL TORRES DE LA "A" - "B" | G12: =72.96+1*2 -> 74.96 | I12: =+G12 -> 74.96 | J12: 1 | K12: =+I12*J12 -> 74.96
E13: SENDERO ENTRE ESCALERAS FRENTE A TORRE "D" | G13: =28.97+1.4 -> 30.37 | I13: =+G13 -> 30.37 | J13: 2 | K13: =+I13*J13 -> 60.74
K14: =+I14*J14 -> 0
K15: =+I15*J15 -> 0
K16: =+I16*J16 -> 0
E31: (l)TOTAL | K31: =+SUM(K11:K30) -> 146 | L31: =K31/0.8 -> 182.5
A32: Elaboró: | C32: Elaboró: | E32: Revisó: | H32: Aprobó:

Sheet 4.2
C1: ALCALDÍA DE SAMACÁ | E1: MACROPROCESO | I1: MISIONAL
E2: PROCESO | I2: GESTIÓN TERRITORIAL E INFRAESTRUCTURA
C3: SISTEMA INTEGRADO DE GESTIÓN (MECI 1000:2014 – NTCGP 1000:2009) | E3: FORMATO
E4: F-GTI-015 | I4: Página 1 de 1
E5: Versión 1
A6: MEMORIAS DE CANTIDADES
A7: CÓDIGO | B7: 2.8 | C7: (b) DESCRIPCIÓN ÍTEM | D7: SUMINISTRO E INSTALACION DE BORDILLO PREFABRICADO B-30 | J7: (c) UND: | K7: =+VLOOKUP(B7,'FORMATO PRESUPUESTO'!D10:L31,4,FALSE) -> SUMINISTRO E INSTALACION DE SARDINEL PREFABRICADO A-10, INCLUYE MORTERO DE PEGA SEGUN NORMA NTC-4109
A9: (d) DESCRIPCIÓN Y/O REGISTRO FOTOGRÁFICO DE LA MEMORIA | E9: (e) LOCALIZACIÓN | F9: DIMENSIONES | I9: =+CONCATENATE("(i) MEDIDA PARCIAL"," ","(",K7,")") -> (i) MEDIDA PARCIAL (SUMINISTRO E INSTALACION DE SARDINEL PREFABRICADO A-10, INCLUYE MORTERO DE PEGA SEGUN NORMA NTC-4109) | J9: (j) N° DE ELEMENTOS | K9: =+CONCATENATE("(k) MEDIDA TOTAL"," ","(",K7,")") -> (k) MEDIDA TOTAL (SUMINISTRO E INSTALACION DE SARDINEL PREFABRICADO A-10, INCLUYE MORTERO DE PEGA SEGUN NORMA NTC-4109)
F10: (f) Ancho | G10: (g) Longitud | H10: (h) Altura
G11: MUNICIPIO | H11: CONTRATISTA
E12: ROMBOS | F12: EXTERNO | G12: =24 -> 24 | H12: =4.53*4 -> 18.12 | J12: 4 | K12: =H12*J12 -> 72.48
F13: INTERNO | G13: 16.4 | H13: =3.2*4 -> 12.8 | J13: 4 | K13: =H13*J13 -> 51.2
F14: EJE
E15: TRAMO 1 | F15: 3 | G15: =9.53 -> 9.53 | H15: 6.51 | J15: 1 | K15: =H15*J15 -> 6.51
F16: 3 | G16: 7.86 | H16: 3.75 | J16: 1 | K16: =H16*J16 -> 3.75
F17: 4 | G17: 10.2 | H17: 4.07 | J17: 1 | K17: =H17*J17 -> 4.07
F18: 4 | G18: 9.3 | H18: 4.13 | J18: 1 | K18: =H18*J18 -> 4.13
G19: =9.53+7.86+10.2+9.3 -> 36.89 | H19: 0 | J19: 1 | K19: =H19*J19 -> 0
E20: TRAMO 2 | F20: 2 | G20: =15.4 -> 15.4 | H20: 16.08 | J20: 1 | K20: =H20*J20 -> 16.08
F21: 2 | G21: 15.4 | H21: 16.07 | J21: 1 | K21: =H21*J21 -> 16.07
F22: 7 | G22: 15.8 | H22: 17.8 | J22: 1 | K22: =H22*J22 -> 17.8
F23: 7 | G23: 15.8 | H23: 17.81 | J23: 1 | K23: =H23*J23 -> 17.81
F24: 10 | G24: 7.9 | H24: 9.93 | J24: 1 | K24: =H24*J24 -> 9.93
F25: 10 | G25: 7.9 | H25: 9.93 | J25: 1 | K25: =H25*J25 -> 9.93
E26: TRAMO 3 | F26: 6 | G26: =7.8 -> 7.8 | H26: 3.61 | J26: 1 | K26: =H26*J26 -> 3.61
F27: 6 | G27: 7.73 | H27: 3.52 | J27: 1 | K27: =H27*J27 -> 3.52
F28: 5 | G28: 8.1 | H28: 4 | J28: 1 | K28: =H28*J28 -> 4
F29: 5 | G29: 7.5 | H29: 3.24 | J29: 1 | K29: =H29*J29 -> 3.24
E30: TRAMO 4 | F30: 9 | G30: =6.9 -> 6.9 | H30: 2.68 | J30: 1 | K30: =H30*J30 -> 2.68
F31: 9 | G31: =6.9 -> 6.9 | H31: 2.68 | J31: 1 | K31: =H31*J31 -> 2.68
F32: 8 | G32: 7.2 | H32: 3.05 | J32: 1 | K32: =H32*J32 -> 3.05
F33: 8 | G33: 6.6 | H33: 2.36 | J33: 1 | K33: =H33*J33 -> 2.36
E34: TRAMO 5 | G34: =3.3442 -> 3.3442 | H34: 1 | J34: 1 | K34: =H34*J34 -> 1
G35: 1.2 | H35: 3.09 | J35: 1 | K35: =H35*J35 -> 3.09
H36: 1.87 | J36: 1 | K36: =H36*J36 -> 1.87
E37: TRAMO 6 | G37: =21.29 -> 21.29 | H37: 22.27 | J37: 1 | K37: =H37*J37 -> 22.27
G38: =21.29 -> 21.29 | H38: 22.39 | J38: 1 | K38: =H38*J38 -> 22.39
G39: 1.31 | H39: 1.4 | J39: 1 | K39: =H39*J39 -> 1.4
E40: BANCAS | G40: 5.4 | H40: =1.77*2+1.83 -> 5.37 | J40: 6 | K40: =H40*J40 -> 32.22
G41: =SUM(G12:G40) -> 304.9442
E46: (l)TOTAL | K46: =SUM(K12:K45) -> 339.14 | L46: 0.8 | M46: =K46/L46 -> 423.925
A47: Elaboró: | C47: Elaboró: | E47: Revisó: | H47: Aprobó:

Sheet 4.3 MAN 0.25
C1: ALCALDÍA DE SAMACÁ | E1: MACROPROCESO | I1: MISIONAL
E2: PROCESO | I2: GESTIÓN TERRITORIAL E INFRAESTRUCTURA
C3: SISTEMA INTEGRADO DE GESTIÓN (MECI 1000:2014 – NTCGP 1000:2009) | E3: FORMATO
E4: F-GTI-015 | I4: Página 1 de 1
E5: Versión 1
A6: MEMORIAS DE CANTIDADES
A7: CÓDIGO | B7: 4.3 | C7: (b) DESCRIPCIÓN ÍTEM | D7: ='FORMATO PRESUPUESTO'!#REF! -> #REF! | J7: (c) UND: | K7: m2
A9: (d) DESCRIPCIÓN Y/O REGISTRO FOTOGRÁFICO DE LA MEMORIA | E9: (e) LOCALIZACIÓN | F9: DIMENSIONES | I9: =+CONCATENATE("(i) MEDIDA PARCIAL"," ","(",K7,")") -> (i) MEDIDA PARCIAL (m2) | J9: (j) N° DE ELEMENTOS | K9: =+CONCATENATE("(k) MEDIDA TOTAL"," ","(",K7,")") -> (k) MEDIDA TOTAL (m2)
F10: (f) Ancho | G10: (g) Longitud | H10: (h) Altura
E12: ESCALERA N° 02 | F12: 2.5 | G12: 0.68 | H12: 3.3 | I12: =((F12+G12)/2)*H12 -> 5.247 | J12: 2 | K12: =+I12*J12 -> 10.494
G13: 1.6 | H13: 0.38 | I13: =G13*H13 -> 0.608 | J13: 1 | K13: =I13*J13 -> 0.608
E14: ESCALERA N° 01 | G14: =1.5+5+1.5 -> 8 | H14: 1.5 | I14: =G14*H14 -> 12 | J14: 1 | K14: =I14*J14 -> 12
F15: 1.5 | G15: 0.5 | H15: 1.7 | I15: =((F15+G15)/2)*H15 -> 1.7 | J15: 6 | K15: =+I15*J15 -> 10.2
G16: 3.9 | H16: 0.4 | I16: =G16*H16 -> 1.56 | J16: 1 | K16: =I16*J16 -> 1.56
E46: (l)TOTAL | K46: =SUM(K11:K45) -> 34.862 | L46: 118 | M46: =K46*L46 -> 4113.716
A47: Elaboró: | C47: Elaboró: | E47: Revisó: | H47: Aprobó:

Sheet 4.4
C1: ALCALDÍA DE SAMACÁ | E1: MACROPROCESO | I1: MISIONAL
E2: PROCESO | I2: GESTIÓN TERRITORIAL E INFRAESTRUCTURA
C3: SISTEMA INTEGRADO DE GESTIÓN (MECI 1000:2014 – NTCGP 1000:2009) | E3: FORMATO
E4: F-GTI-015 | I4: Página 1 de 1
E5: Versión 1
A6: MEMORIAS DE CANTIDADES
A7: CÓDIGO | B7: 4.4 | C7: (b) DESCRIPCIÓN ÍTEM | D7: ='FORMATO PRESUPUESTO'!#REF! -> #REF! | J7: (c) UND: | K7: UND
A9: (d) DESCRIPCIÓN Y/O REGISTRO FOTOGRÁFICO DE LA MEMORIA | E9: (e) LOCALIZACIÓN | F9: DIMENSIONES | I9: =+CONCATENATE("(i) MEDIDA PARCIAL"," ","(",K7,")") -> (i) MEDIDA PARCIAL (UND) | J9: (j) N° DE ELEMENTOS | K9: =+CONCATENATE("(k) MEDIDA TOTAL"," ","(",K7,")") -> (k) MEDIDA TOTAL (UND)
F10: (f) Ancho | G10: (g) Longitud | H10: (h) Altura
E12: INGRESO TORRE A | J12: 2 | K12: =J12 -> 2
E13: INGRESO TORRE B | J13: 1 | K13: =J13 -> 1
E14: INGRESO TORRE C | J14: 1 | K14: =J14 -> 1
E15: INGRESO TORRE D | J15: 1 | K15: =J15 -> 1
E16: INGRESO TORRE E | J16: 1 | K16: =J16 -> 1
E17: INGRESO TORRE F | J17: 2 | K17: =J17 -> 2
E19: PARTE DE ATRÁS TORRE A | J19: 1 | K19: =J19 -> 1
E20: PARTE DE ATRÁS TORRE B | J20: 1 | K20: =J20 -> 1
E21: PARTE DE ATRÁS TORRE C | J21: 1 | K21: =J21 -> 1
E46: (l)TOTAL | K46: =SUM(K11:K45) -> 11
A47: Elaboró: | C47: Elaboró: | E47: Revisó: | H47: Aprobó:

Sheet 4.5
C1: ALCALDÍA DE SAMACÁ | E1: MACROPROCESO | I1: MISIONAL
E2: PROCESO | I2: GESTIÓN TERRITORIAL E INFRAESTRUCTURA
C3: SISTEMA INTEGRADO DE GESTIÓN (MECI 1000:2014 – NTCGP 1000:2009) | E3: FORMATO
E4: F-GTI-015 | I4: Página 1 de 1
E5: Versión 1
A6: MEMORIAS DE CANTIDADES
A7: CÓDIGO | B7: 4.5 | C7: (b) DESCRIPCIÓN ÍTEM | D7: ='FORMATO PRESUPUESTO'!#REF! -> #REF! | J7: (c) UND: | K7: UND
A9: (d) DESCRIPCIÓN Y/O REGISTRO FOTOGRÁFICO DE LA MEMORIA | E9: (e) LOCALIZACIÓN | F9: DIMENSIONES | I9: =+CONCATENATE("(i) MEDIDA PARCIAL"," ","(",K7,")") -> (i) MEDIDA PARCIAL (UND) | J9: (j) N° DE ELEMENTOS | K9: =+CONCATENATE("(k) MEDIDA TOTAL"," ","(",K7,")") -> (k) MEDIDA TOTAL (UND)
F10: (f) Ancho | G10: (g) Longitud | H10: (h) Altura
E12: FRENTE A TORRES C Y D | J12: 1 | K12: =J12 -> 1
E13: FRENTE A TORRES B Y E | J13: 1 | K13: =J13 -> 1
E14: FRENTE A TORRES A Y F | J14: 1 | K14: =J14 -> 1
E46: (l)TOTAL | K46: =SUM(K11:K45) -> 3
A47: Elaboró: | C47: Elaboró: | E47: Revisó: | H47: Aprobó:

Sheet 4.6
C1: ALCALDÍA DE SAMACÁ | E1: MACROPROCESO | I1: MISIONAL
E2: PROCESO | I2: GESTIÓN TERRITORIAL E INFRAESTRUCTURA
C3: SISTEMA INTEGRADO DE GESTIÓN (MECI 1000:2014 – NTCGP 1000:2009) | E3: FORMATO
E4: F-GTI-015 | I4: Página 1 de 1
E5: Versión 1
A6: MEMORIAS DE CANTIDADES
A7: CÓDIGO | B7: 4.6 | C7: (b) DESCRIPCIÓN ÍTEM | D7: ='FORMATO PRESUPUESTO'!#REF! -> #REF! | J7: (c) UND: | K7: UND
A9: (d) DESCRIPCIÓN Y/O REGISTRO FOTOGRÁFICO DE LA MEMORIA | E9: (e) LOCALIZACIÓN | F9: DIMENSIONES | I9: =+CONCATENATE("(i) MEDIDA PARCIAL"," ","(",K7,")") -> (i) MEDIDA PARCIAL (UND) | J9: (j) N° DE ELEMENTOS | K9: =+CONCATENATE("(k) MEDIDA TOTAL"," ","(",K7,")") -> (k) MEDIDA TOTAL (UND)
F10: (f) Ancho | G10: (g) Longitud | H10: (h) Altura
E12: FRENTE A TORRES C Y D | J12: 1 | K12: =J12 -> 1
E13: FRENTE A TORRES B Y E | J13: 1 | K13: =J13 -> 1
E14: FRENTE A TORRES A Y F | J14: 1 | K14: =J14 -> 1
E15: FRENTE A INGRESO PEATONAL | J15: 2 | K15: =J15 -> 2
E46: (l)TOTAL | K46: =SUM(K11:K45) -> 5
A47: Elaboró: | C47: Elaboró: | E47: Revisó: | H47: Aprobó:

Sheet 4.7
C1: ALCALDÍA DE SAMACÁ | E1: MACROPROCESO | I1: MISIONAL
E2: PROCESO | I2: GESTIÓN TERRITORIAL E INFRAESTRUCTURA
C3: SISTEMA INTEGRADO DE GESTIÓN (MECI 1000:2014 – NTCGP 1000:2009) | E3: FORMATO
E4: F-GTI-015 | I4: Página 1 de 1
E5: Versión 1
A6: MEMORIAS DE CANTIDADES
A7: CÓDIGO | B7: 4.7 | C7: (b) DESCRIPCIÓN ÍTEM | D7: ='FORMATO PRESUPUESTO'!#REF! -> #REF! | J7: (c) UND: | K7: M3
A9: (d) DESCRIPCIÓN Y/O REGISTRO FOTOGRÁFICO DE LA MEMORIA | E9: (e) LOCALIZACIÓN | F9: DIMENSIONES | I9: =+CONCATENATE("(i) MEDIDA PARCIAL"," ","(",K7,")") -> (i) MEDIDA PARCIAL (M3) | J9: (j) N° DE ELEMENTOS | K9: =+CONCATENATE("(k) MEDIDA TOTAL"," ","(",K7,")") -> (k) MEDIDA TOTAL (M3)
F10: (f) Ancho | G10: (g) Longitud | H10: (h) Altura
E12: FRENTE A TORRE D ESCALERA N° 01 | K12: =J12 -> 0
E13: AREA ESPACIO PUBLICO ANDEN | F13: 1.5 | G13: 3.9 | H13: 0.15 | I13: =((F13*H13))*G13 -> 0.8775 | J13: 1 | K13: =I13*J13 -> 0.8775
E14: PASOS TRAMO | F14: 0.3 | G14: 3.9 | H14: 0.17 | I14: =((F14*H14)/2)*G14 -> 0.09945 | J14: 17 | K14: =I14*J14 -> 1.69065
E15: PLACA TRAMO | F15: 3.9 | G15: 6 | H15: 0.15 | I15: =F15*G15*H15 -> 3.51 | J15: 1 | K15: =I15*J15 -> 3.51
E16: DESCANSO ENTRE ESCALERAS | F16: 3.9 | G16: 1.2 | H16: 0.15 | I16: =F16*G16*H16 -> 0.702 | J16: 1 | K16: =I16*J16 -> 0.702
E17: VIGAS | F17: 0.3 | G17: 3.9 | H17: 0.4 | I17: =F17*G17*H17 -> 0.468 | J17: 3 | K17: =I17*J17 -> 1.404
E18: FRENTE A TORRE D ESCALERA N° 02
E19: PASOS TRAMO | F19: 0.3 | G19: 1.6 | H19: 0.17 | I19: =((F19*H19)/2)*G19 -> 0.0408 | J19: 10 | K19: =I19*J19 -> 0.408
E20: PLACA TRAMO | F20: 1.6 | G20: 3.5 | H20: 0.15 | I20: =F20*G20*H20 -> 0.84 | J20: 1 | K20: =I20*J20 -> 0.84
E21: VIGAS | F21: 0.3 | G21: 1.6 | H21: 0.4 | I21: =F21*G21*H21 -> 0.192 | J21: 2 | K21: =I21*J21 -> 0.384
E49: (l)TOTAL | K49: =SUM(K11:K48) -> 9.81615
A50: Elaboró: | C50: Elaboró: | E50: Revisó: | H50: Aprobó:

Sheet 4.8
C1: ALCALDÍA DE SAMACÁ | E1: MACROPROCESO | J1: MISIONAL | S1: ESCALERA
E2: PROCESO | J2: GESTIÓN TERRITORIAL E INFRAESTRUCTURA
C3: SISTEMA INTEGRADO DE GESTIÓN (MECI 1000:2014 – NTCGP 1000:2009) | E3: FORMATO
E4: F-GTI-015 | J4: Página 1 de 1
E5: Versión 1
A6: MEMORIAS DE CANTIDADES
A7: CÓDIGO | B7: 4.8 | C7: (b) DESCRIPCIÓN ÍTEM | D7: ='FORMATO PRESUPUESTO'!#REF! -> #REF! | K7: (c) UND: | L7: KG
A9: (d) DESCRIPCIÓN Y/O REGISTRO FOTOGRÁFICO DE LA MEMORIA | E9: (e) LOCALIZACION | G9: DIMENSIONES(M) | J9: (i) MEDIDA PARCIAL () | K9: (j) N° DE ELEMENTOS | L9: (k) MEDIDA TOTAL (ML)
G10: NUMERO ACERO | H10: PESO Kg/ml | I10: Long. Fj.
F11: ESCALERA N° 01 | M11: CANTIDAD | N11: LONGITUD
E12: ESCALERA | G12: 4 | H12: 0.994 | I12: =0.3+1.17+6.15+0.57+0.7 -> 8.89 | J12: =ROUND(H12*I12,2) -> 8.84 | K12: 20 | L12: =+J12*K12 -> 176.8
G13: 4 | H13: 0.994 | I13: =0.45+6.38+0.49+0.7 -> 8.02 | J13: =ROUND(H13*I13,2) -> 7.97 | K13: 20 | L13: =+J13*K13 -> 159.4
G14: 4 | H14: 0.994 | I14: =0.3+1.25+0.45 -> 2 | J14: =ROUND(H14*I14,2) -> 1.99 | K14: 20 | L14: =+J14*K14 -> 39.8
G15: 4 | H15: 0.994 | I15: =3.76+0.1*2 -> 3.96 | J15: =ROUND(H15*I15,2) -> 3.94 | K15: 16 | L15: =+J15*K15 -> 63.04
G16: 4 | H16: 0.994 | I16: =3.76+0.1*2 -> 3.96 | J16: =ROUND(H16*I16,2) -> 3.94 | K16: 62 | L16: =+J16*K16 -> 244.28
G17: 4 | H17: 0.994 | I17: =3.76+0.1*2 -> 3.96 | J17: =ROUND(H17*I17,2) -> 3.94 | K17: 6 | L17: =+J17*K17 -> 23.64
F18: VIGAS | G18: 5 | H18: 1.552 | I18: =0.2+3.8+0.2 -> 4.2 | J18: =ROUND(H18*I18,2) -> 6.52 | K18: =2*6 -> 12 | L18: =+J18*K18 -> 78.24
F19: VIGAS | G19: 3 | H19: 0.56 | I19: =0.31+0.31+0.21+0.21+0.1+0.1 -> 1.24 | J19: =ROUND(H19*I19,2) -> 0.69 | K19: =(3.9/0.15)*2 -> 52 | L19: =+J19*K19 -> 35.88 | M19: =SUM(L12:L19) -> 821.08
F20: ESCALERA N° 02
F21: PLACA ESCALERA | G21: 4 | H21: 0.994 | I21: 4.6 | J21: =ROUND(H21*I21,2) -> 4.57 | K21: 18 | L21: =+J21*K21 -> 82.26
F22: PLACA ESCALERA | G22: 4 | H22: 0.994 | I22: 1.9 | J22: =ROUND(H22*I22,2) -> 1.89 | K22: 36 | L22: =+J22*K22 -> 68.04
F23: VIGAS | G23: 5 | H23: 1.552 | I23: =0.2+1.5+0.2 -> 1.9 | J23: =ROUND(H23*I23,2) -> 2.95 | K23: =2*4 -> 8 | L23: =+J23*K23 -> 23.6
F24: VIGAS | G24: 3 | H24: 0.56 | I24: =0.31+0.31+0.21+0.21+0.1+0.1 -> 1.24 | J24: =ROUND(H24*I24,2) -> 0.69 | K24: 22 | L24: =+J24*K24 -> 15.18 | M24: =SUM(L21:L24) -> 189.08
M25: =SUM(M19:M24) -> 1010.16
E26: MURO DE CONTENCION | F26: ZARPA | G26: 4 | H26: 0.99 | I26: 2.32 | J26: =ROUND(H26*I26,2) -> 2.3 | K26: 26
G27: 6 | H27: 2.235 | I27: 2.42 | J27: =ROUND(H27*I27,2) -> 5.41 | K27: 26
G28: 4 | H28: 0.99 | I28: 2.31 | J28: =ROUND(H28*I28,2) -> 2.29 | K28: 26
G29: 4 | H29: 0.99 | I29: =5.26 -> 5.26 | J29: =ROUND(H29*I29,2) -> 5.21 | K29: =11*2 -> 22 | M29: ACERO TRANSVERSAL ZARPA
F30: ELEVACION | G30: 5 | H30: 1.552 | I30: 2.3 | J30: =ROUND(H30*I30,2) -> 3.57 | K30: 26
G31: 4 | H31: 0.99 | I31: 3.9 | J31: =ROUND(H31*I31,2) -> 3.86 | K31: 26
G32: 4 | H32: 0.99 | I32: 1.71 | J32: =ROUND(H32*I32,2) -> 1.69 | K32: 26
G33: 4 | H33: 0.99 | I33: =5.26 -> 5.26 | J33: =ROUND(H33*I33,2) -> 5.21 | K33: =17*2 -> 34 | M33: ACERO TRANSVERSAL ELEVACION
E36: (l)TOTAL | L36: =SUM(L12:L35) -> 1010.16
A37: Elaboró: | C37: Elaboró: | E37: Revisó: | H37: Aprobó:

Sheet 4.8 (2)
C1: ALCALDÍA DE SAMACÁ | E1: MACROPROCESO | J1: MISIONAL
E2: PROCESO | J2: GESTIÓN TERRITORIAL E INFRAESTRUCTURA
C3: SISTEMA INTEGRADO DE GESTIÓN (MECI 1000:2014 – NTCGP 1000:2009) | E3: FORMATO
E4: F-GTI-015 | J4: Página 1 de 1
E5: Versión 1
A6: MEMORIAS DE CANTIDADES
A7: CÓDIGO | B7: 4.8 | C7: (b) DESCRIPCIÓN ÍTEM | D7: ='FORMATO PRESUPUESTO'!#REF! -> #REF! | K7: (c) UND: | L7: KG
A9: (d) DESCRIPCIÓN Y/O REGISTRO FOTOGRÁFICO DE LA MEMORIA | E9: (e) LOCALIZACION | G9: DIMENSIONES(M) | J9: (i) MEDIDA PARCIAL () | K9: (j) N° DE ELEMENTOS | L9: (k) MEDIDA TOTAL (ML)
G10: NUMERO ACERO | H10: PESO Kg/ml | I10: Long. Fj.
F11: ESCALERA N° 01 | M11: CANTIDAD | N11: LONGITUD
F12: AREA ESPACIO PUBLICO ANDEN | G12: 4 | H12: 0.994 | I12: =3.8+0.1*2 -> 4 | J12: =ROUND(H12*I12,2) -> 3.98 | K12: =8*2 -> 16 | L12: =+J12*K12 -> 63.68 | M12: =1.65/0.2 -> 8.25 | N12: =3.8+0.1*2 -> 4
F13: AREA ESPACIO PUBLICO ANDEN | G13: 4 | H13: 0.994 | I13: =1.51+0.1*2 -> 1.71 | J13: =ROUND(H13*I13,2) -> 1.7 | K13: =20*2 -> 40 | L13: =+J13*K13 -> 68 | M13: =3.9/0.2 -> 19.5 | N13: =1.65-0.14+0.1*2 -> 1.71
E14: ESCALERA | F14: A - A SUPERIOR | G14: 4 | H14: 0.994 | I14: =0.57+3.15+1.15+0.3 -> 5.17 | J14: =ROUND(H14*I14,2) -> 5.14 | K14: 10 | L14: =+J14*K14 -> 51.4
G15: 4 | H15: 0.994 | I15: =0.57+3.15+0.45 -> 4.17 | J15: =ROUND(H15*I15,2) -> 4.14 | K15: 10 | L15: =+J15*K15 -> 41.4
F16: A - A INFERIOR | G16: 4 | H16: 0.994 | I16: =0.49+3.15+0.45 -> 4.09 | J16: =ROUND(H16*I16,2) -> 4.07 | K16: 20 | L16: =+J16*K16 -> 81.4
F17: A - A INFERIOR | G17: 4 | H17: 0.994 | I17: =0.45+1.23+0.3 -> 1.98 | J17: =ROUND(H17*I17,2) -> 1.97 | K17: 10 | L17: =+J17*K17 -> 19.7
F18: A - A SUPERIOR | G18: 4 | H18: 0.994 | I18: =0.91+0.3 -> 1.21 | J18: =ROUND(H18*I18,2) -> 1.2 | K18: 20 | L18: =+J18*K18 -> 24
F19: A - A INFERIOR | G19: 4 | H19: 0.994 | I19: =0.3+0.97+0.3 -> 1.57 | J19: =ROUND(H19*I19,2) -> 1.56 | K19: 20 | L19: =+J19*K19 -> 31.2
F20: B -B SUPERIOR | G20: 4 | H20: 0.994 | I20: =3.8+0.1*2 -> 4 | J20: =ROUND(H20*I20,2) -> 3.98 | K20: 7 | L20: =+J20*K20 -> 27.86
F21: B - B INFERIOR | G21: 4 | H21: 0.994 | I21: =3.8+0.1*2 -> 4 | J21: =ROUND(H21*I21,2) -> 3.98 | K21: 7 | L21: =+J21*K21 -> 27.86
F22: C - C SUPERIOR | G22: 4 | H22: 0.994 | I22: =0.3+1.15+0.3 -> 1.75 | J22: =ROUND(H22*I22,2) -> 1.74 | K22: 10 | L22: =+J22*K22 -> 17.4
F23: C - C SUPERIOR | G23: 4 | H23: 0.994 | I23: =0.66+0.35+3.5+0.34 -> 4.85 | J23: =ROUND(H23*I23,2) -> 4.82 | K23: 20 | L23: =+J23*K23 -> 96.4
F24: C - C INFERIOR | G24: 4 | H24: 0.994 | I24: =0.3+1.15+0.35+0.49 -> 2.29 | J24: =ROUND(H24*I24,2) -> 2.28 | K24: 10 | L24: =+J24*K24 -> 22.8
F25: C - CINFERIOR | G25: 4 | H25: 0.994 | I25: =0.35+3.59+0.3 -> 4.24 | J25: =ROUND(H25*I25,2) -> 4.21 | K25: 20 | L25: =+J25*K25 -> 84.2
F26: D - D SUPERIOR | G26: 4 | H26: 0.994 | I26: =0.1+3.8+0.1 -> 4 | J26: =ROUND(H26*I26,2) -> 3.98 | K26: 3 | L26: =+J26*K26 -> 11.94
F27: D - D INFERIOR | G27: 4 | H27: 0.994 | I27: =0.1+3.8+0.1 -> 4 | J27: =ROUND(H27*I27,2) -> 3.98 | K27: 3 | L27: =+J27*K27 -> 11.94
F28: E - E SUPERIOR | G28: 4 | H28: 0.994 | I28: =0.1+3.8+0.1 -> 4 | J28: =ROUND(H28*I28,2) -> 3.98 | K28: 18 | L28: =+J28*K28 -> 71.64
F29: E - E INFERIOR | G29: 4 | H29: 0.994 | I29: =0.1+3.8+0.1 -> 4 | J29: =ROUND(H29*I29,2) -> 3.98 | K29: 18 | L29: =+J29*K29 -> 71.64
F30: VIGAS | G30: 5 | H30: 1.552 | I30: =0.2+3.8+0.2 -> 4.2 | J30: =ROUND(H30*I30,2) -> 6.52 | K30: =6*4 -> 24 | L30: =+J30*K30 -> 156.48
F31: VIGAS | G31: 3 | H31: 0.56 | I31: =0.31+0.31+0.21+0.21+0.1+0.1 -> 1.24 | J31: =ROUND(H31*I31,2) -> 0.69 | K31: =(3.9/0.15)*4 -> 104 | L31: =+J31*K31 -> 71.76
F32: ESCALERA N° 02
F33: PLACA ESCALERA | G33: 4 | H33: 0.994 | I33: 4.6 | J33: =ROUND(H33*I33,2) -> 4.57 | K33: 18 | L33: =+J33*K33 -> 82.26
F34: PLACA ESCALERA | G34: 4 | H34: 0.994 | I34: 1.9 | J34: =ROUND(H34*I34,2) -> 1.89 | K34: 36 | L34: =+J34*K34 -> 68.04
F35: VIGAS | G35: 5 | H35: 1.552 | I35: =0.2+1.5+0.2 -> 1.9 | J35: =ROUND(H35*I35,2) -> 2.95 | K35: =2*4 -> 8 | L35: =+J35*K35 -> 23.6
F36: VIGAS | G36: 3 | H36: 0.56 | I36: =0.31+0.31+0.21+0.21+0.1+0.1 -> 1.24 | J36: =ROUND(H36*I36,2) -> 0.69 | K36: 22 | L36: =+J36*K36 -> 15.18
E38: MURO DE CONTENCION | F38: ZARPA | G38: 4 | H38: 0.99 | I38: 2.32 | J38: =ROUND(H38*I38,2) -> 2.3 | K38: 26 | L38: =+J38*K38 -> 59.8
G39: 6 | H39: 2.235 | I39: 2.42 | J39: =ROUND(H39*I39,2) -> 5.41 | K39: 26 | L39: =+J39*K39 -> 140.66
G40: 4 | H40: 0.99 | I40: 2.31 | J40: =ROUND(H40*I40,2) -> 2.29 | K40: 26 | L40: =+J40*K40 -> 59.54
G41: 4 | H41: 0.99 | I41: =5.26 -> 5.26 | J41: =ROUND(H41*I41,2) -> 5.21 | K41: =11*2 -> 22 | L41: =+J41*K41 -> 114.62 | M41: ACERO TRANSVERSAL ZARPA
F42: ELEVACION | G42: 5 | H42: 1.552 | I42: 2.3 | J42: =ROUND(H42*I42,2) -> 3.57 | K42: 26 | L42: =+J42*K42 -> 92.82
G43: 4 | H43: 0.99 | I43: 3.9 | J43: =ROUND(H43*I43,2) -> 3.86 | K43: 26 | L43: =+J43*K43 -> 100.36
G44: 4 | H44: 0.99 | I44: 1.71 | J44: =ROUND(H44*I44,2) -> 1.69 | K44: 26 | L44: =+J44*K44 -> 43.94
G45: 4 | H45: 0.99 | I45: =5.26 -> 5.26 | J45: =ROUND(H45*I45,2) -> 5.21 | K45: =17*2 -> 34 | L45: =+J45*K45 -> 177.14 | M45: ACERO TRANSVERSAL ELEVACION
E48: (l)TOTAL | L48: =SUM(L12:L47) -> 2030.66
A49: Elaboró: | C49: Elaboró: | E49: Revisó: | H49: Aprobó:

Sheet 4.9
C1: ALCALDÍA DE SAMACÁ | E1: MACROPROCESO | I1: MISIONAL
E2: PROCESO | I2: GESTIÓN TERRITORIAL E INFRAESTRUCTURA
C3: SISTEMA INTEGRADO DE GESTIÓN (MECI 1000:2014 – NTCGP 1000:2009) | E3: FORMATO
E4: F-GTI-015 | I4: Página 1 de 1
E5: Versión 1
A6: MEMORIAS DE CANTIDADES
A7: CÓDIGO | B7: 4.9 | C7: (b) DESCRIPCIÓN ÍTEM | D7: ='FORMATO PRESUPUESTO'!#REF! -> #REF! | J7: (c) UND: | K7: M2
A9: (d) DESCRIPCIÓN Y/O REGISTRO FOTOGRÁFICO DE LA MEMORIA | E9: (e) LOCALIZACIÓN | F9: DIMENSIONES | I9: =+CONCATENATE("(i) MEDIDA PARCIAL"," ","(",K7,")") -> (i) MEDIDA PARCIAL (M2) | J9: (j) N° DE ELEMENTOS | K9: =+CONCATENATE("(k) MEDIDA TOTAL"," ","(",K7,")") -> (k) MEDIDA TOTAL (M2)
F10: (f) Ancho | G10: (g) Longitud | H10: (h) Altura
E12: ESCALERA N° 01
E13: AREA ESPACIO PUBLICO ANDEN | F13: 3.9 | G13: 1.5 | I13: =F13*G13 -> 5.85 | J13: 1 | K13: =I13*J13 -> 5.85
E14: PASOS TRAMO | F14: 0.3 | G14: 3.9 | H14: 0.18 | I14: =(H14+F14)*G14 -> 1.872 | J14: 17 | K14: =I14*J14 -> 31.824
E15: ESCALERA N° 02
E16: PASOS TRAMO | F16: 0.3 | G16: 1.6 | H16: 0.18 | I16: =(H16+F16)*G16 -> 0.768 | J16: 10 | K16: =I16*J16 -> 7.68
E46: (l)TOTAL | K46: =SUM(K11:K45) -> 45.354
A47: Elaboró: | C47: Elaboró: | E47: Revisó: | H47: Aprobó:

Sheet 4.10 (0)
C1: ALCALDÍA DE SAMACÁ | E1: MACROPROCESO | I1: MISIONAL
E2: PROCESO | I2: GESTIÓN TERRITORIAL E INFRAESTRUCTURA
C3: SISTEMA INTEGRADO DE GESTIÓN (MECI 1000:2014 – NTCGP 1000:2009) | E3: FORMATO
E4: F-GTI-015 | I4: Página 1 de 1
E5: Versión 1
A6: MEMORIAS DE CANTIDADES
A7: CÓDIGO | B7: 4.9 | C7: (b) DESCRIPCIÓN ÍTEM | D7: ='FORMATO PRESUPUESTO'!#REF! -> #REF! | J7: (c) UND: | K7: M2
A9: (d) DESCRIPCIÓN Y/O REGISTRO FOTOGRÁFICO DE LA MEMORIA | E9: (e) LOCALIZACIÓN | F9: DIMENSIONES | I9: =+CONCATENATE("(i) MEDIDA PARCIAL"," ","(",K7,")") -> (i) MEDIDA PARCIAL (M2) | J9: (j) N° DE ELEMENTOS | K9: =+CONCATENATE("(k) MEDIDA TOTAL"," ","(",K7,")") -> (k) MEDIDA TOTAL (M2)
F10: (f) Ancho | G10: (g) Longitud | H10: (h) Altura
E12: FRENTE A TORRE D | K12: =J12 -> 0
E13: PASOS PRIMER TRAMO | G13: 3.9 | I13: =G13 -> 3.9 | K13: =I13*J13 -> 0 | L13: 10
E16: PASOS SEGUNDO TRAMO | G16: 3.9 | I16: =G16 -> 3.9 | K16: =I16*J16 -> 0 | L16: 9
E46: (l)TOTAL | K46: =SUM(K11:K45) -> 0
A47: Elaboró: | C47: Elaboró: | E47: Revisó: | H47: Aprobó:

Sheet 4.11(0)
C1: ALCALDÍA DE SAMACÁ | E1: MACROPROCESO | I1: MISIONAL
E2: PROCESO | I2: GESTIÓN TERRITORIAL E INFRAESTRUCTURA
C3: SISTEMA INTEGRADO DE GESTIÓN (MECI 1000:2014 – NTCGP 1000:2009) | E3: FORMATO
E4: F-GTI-015 | I4: Página 1 de 1
E5: Versión 1
A6: MEMORIAS DE CANTIDADES
A7: CÓDIGO | B7: 4.9 | C7: (b) DESCRIPCIÓN ÍTEM | D7: ='FORMATO PRESUPUESTO'!#REF! -> #REF! | J7: (c) UND: | K7: M2
A9: (d) DESCRIPCIÓN Y/O REGISTRO FOTOGRÁFICO DE LA MEMORIA | E9: (e) LOCALIZACIÓN | F9: DIMENSIONES | I9: =+CONCATENATE("(i) MEDIDA PARCIAL"," ","(",K7,")") -> (i) MEDIDA PARCIAL (M2) | J9: (j) N° DE ELEMENTOS | K9: =+CONCATENATE("(k) MEDIDA TOTAL"," ","(",K7,")") -> (k) MEDIDA TOTAL (M2)
F10: (f) Ancho | G10: (g) Longitud | H10: (h) Altura
E12: FRENTE A TORRE D
E13: AREA ESPACIO PUBLICO ANDEN | F13: 3.9 | G13: 1.65 | I13: =F13*G13 -> 6.435 | K13: =I13*J13 -> 0 | L13: 1
E15: DESCANSO | F15: 3.9 | G15: 1.2 | I15: =F15*G15 -> 4.68 | K15: =I15*J15 -> 0 | L15: 1
E16: PASOS SEGUNDO TRAMO
E46: (l)TOTAL | K46: =SUM(K11:K45) -> 0
A47: Elaboró: | C47: Elaboró: | E47: Revisó: | H47: Aprobó:

Sheet 4.12
C1: ALCALDÍA DE SAMACÁ | E1: MACROPROCESO | I1: MISIONAL
E2: PROCESO | I2: GESTIÓN TERRITORIAL E INFRAESTRUCTURA
C3: SISTEMA INTEGRADO DE GESTIÓN (MECI 1000:2014 – NTCGP 1000:2009) | E3: FORMATO
E4: F-GTI-015 | I4: Página 1 de 1
E5: Versión 1
A6: MEMORIAS DE CANTIDADES
A7: CÓDIGO | B7: 4.9 | C7: (b) DESCRIPCIÓN ÍTEM | D7: ='FORMATO PRESUPUESTO'!#REF! -> #REF! | J7: (c) UND: | K7: ML
A9: (d) DESCRIPCIÓN Y/O REGISTRO FOTOGRÁFICO DE LA MEMORIA | E9: (e) LOCALIZACIÓN | F9: DIMENSIONES | I9: =+CONCATENATE("(i) MEDIDA PARCIAL"," ","(",K7,")") -> (i) MEDIDA PARCIAL (ML) | J9: (j) N° DE ELEMENTOS | K9: =+CONCATENATE("(k) MEDIDA TOTAL"," ","(",K7,")") -> (k) MEDIDA TOTAL (ML)
F10: (f) Ancho | G10: (g) Longitud | H10: (h) Altura
E12: FRENTE A TORRE D
E13: ESCALERA N° 01 | G13: 6 | I13: =G13 -> 6 | J13: 3 | K13: =I13*J13 -> 18
E15: ESCALERA N° 02 | G15: 3.75 | I15: =G15 -> 3.75 | J15: 2 | K15: =I15*J15 -> 7.5
E46: (l)TOTAL | K46: =SUM(K11:K45) -> 25.5
A47: Elaboró: | C47: Elaboró: | E47: Revisó: | H47: Aprobó:

Sheet 4.13
C1: ALCALDÍA DE SAMACÁ | E1: MACROPROCESO | I1: MISIONAL
E2: PROCESO | I2: GESTIÓN TERRITORIAL E INFRAESTRUCTURA
C3: SISTEMA INTEGRADO DE GESTIÓN (MECI 1000:2014 – NTCGP 1000:2009) | E3: FORMATO
E4: F-GTI-015 | I4: Página 1 de 1
E5: Versión 1
A6: MEMORIAS DE CANTIDADES
A7: CÓDIGO | B7: 4.13 | C7: (b) DESCRIPCIÓN ÍTEM | D7: ='FORMATO PRESUPUESTO'!#REF! -> #REF! | J7: (c) UND: | K7: und
A9: (d) DESCRIPCIÓN Y/O REGISTRO FOTOGRÁFICO DE LA MEMORIA | E9: (e) LOCALIZACIÓN | F9: DIMENSIONES | I9: =+CONCATENATE("(i) MEDIDA PARCIAL"," ","(",K7,")") -> (i) MEDIDA PARCIAL (und) | J9: (j) N° DE ELEMENTOS | K9: =+CONCATENATE("(k) MEDIDA TOTAL"," ","(",K7,")") -> (k) MEDIDA TOTAL (und)
F10: (f) Ancho | G10: (g) Longitud | H10: (h) Altura
E12: FRENTE A TORRE "A" | J12: 1 | K12: =J12 -> 1
E13: FRENTE A TORRE "B" | J13: 1 | K13: =J13 -> 1
E14: FRENTE A TORRE "C" | J14: 1 | K14: =J14 -> 1
E15: FRENTE A TORRE "D" | J15: 1 | K15: =J15 -> 1
E16: FRENTE A TORRE "E" | J16: 1 | K16: =J16 -> 1
E17: FRENTE A TORRE "F" | J17: 1 | K17: =J17 -> 1
E46: (l)TOTAL | K46: =SUM(K11:K45) -> 6
A47: Elaboró: | C47: Elaboró: | E47: Revisó: | H47: Aprobó:

Sheet 4.14.
C1: ALCALDÍA DE SAMACÁ | E1: MACROPROCESO | I1: MISIONAL
E2: PROCESO | I2: GESTIÓN TERRITORIAL E INFRAESTRUCTURA
C3: SISTEMA INTEGRADO DE GESTIÓN (MECI 1000:2014 – NTCGP 1000:2009) | E3: FORMATO
E4: F-GTI-015 | I4: Página 1 de 1
E5: Versión 1
A6: MEMORIAS DE CANTIDADES
A7: CÓDIGO | B7: 4.14 | C7: (b) DESCRIPCIÓN ÍTEM | D7: ='FORMATO PRESUPUESTO'!#REF! -> #REF! | J7: (c) UND: | K7: ='FORMATO PRESUPUESTO'!#REF! -> #REF!
A9: (d) DESCRIPCIÓN Y/O REGISTRO FOTOGRÁFICO DE LA MEMORIA | E9: (e) LOCALIZACIÓN | F9: DIMENSIONES | I9: =+CONCATENATE("(i) MEDIDA PARCIAL"," ","(",K7,")") -> #REF! | J9: (j) N° DE ELEMENTOS | K9: (k) MEDIDA TOTAL (UND)
F10: (f) Ancho | G10: (g) Longitud | H10: (h) Altura
E11: BANCAS | J11: 6 | K11: =+J11 -> 6
K12: =+I12*J12 -> 0
K13: =+I13*J13 -> 0
E30: (l)TOTAL | K30: =+SUM(K11:K29) -> 6
A31: Elaboró: | C31: Elaboró: | E31: Revisó: | H31: Aprobó:

Sheet 4.15.
C1: ALCALDÍA DE SAMACÁ | E1: MACROPROCESO | I1: MISIONAL
E2: PROCESO | I2: GESTIÓN TERRITORIAL E INFRAESTRUCTURA
C3: SISTEMA INTEGRADO DE GESTIÓN (MECI 1000:2014 – NTCGP 1000:2009) | E3: FORMATO
E4: F-GTI-015 | I4: Página 1 de 1
E5: Versión 1
A6: MEMORIAS DE CANTIDADES
A7: CÓDIGO | B7: 4.14 | C7: (b) DESCRIPCIÓN ÍTEM | D7: ='FORMATO PRESUPUESTO'!#REF! -> #REF! | J7: (c) UND: | K7: ='FORMATO PRESUPUESTO'!#REF! -> #REF!
A9: (d) DESCRIPCIÓN Y/O REGISTRO FOTOGRÁFICO DE LA MEMORIA | E9: (e) LOCALIZACIÓN | F9: DIMENSIONES | I9: (i) MEDIDA PARCIAL (M3) | J9: (j) N° DE ELEMENTOS | K9: (k) MEDIDA TOTAL (M3)
F10: (m2) Area | H10: (h) Espesor
E11: PARQUEADEROS | F11: 253.53 | H11: 0.07 | I11: =+F11*H11 -> 17.7471 | J11: 1 | K11: =+I11*J11 -> 17.7471 | L11: =F11*H11 -> 17.7471
E30: (l)TOTAL | K30: =+SUM(K11:K29) -> 17.7471
A31: Elaboró: | C31: Elaboró: | E31: Revisó: | H31: Aprobó:

Sheet 4.16.
C1: ALCALDÍA DE SAMACÁ | E1: MACROPROCESO | I1: MISIONAL
E2: PROCESO | I2: GESTIÓN TERRITORIAL E INFRAESTRUCTURA
C3: SISTEMA INTEGRADO DE GESTIÓN (MECI 1000:2014 – NTCGP 1000:2009) | E3: FORMATO
E4: F-GTI-015 | I4: Página 1 de 1
E5: Versión 1
A6: MEMORIAS DE CANTIDADES
A7: CÓDIGO | B7: 4.16 | C7: (b) DESCRIPCIÓN ÍTEM | D7: ='FORMATO PRESUPUESTO'!#REF! -> #REF! | J7: (c) UND: | K7: ='FORMATO PRESUPUESTO'!#REF! -> #REF!
A9: (d) DESCRIPCIÓN Y/O REGISTRO FOTOGRÁFICO DE LA MEMORIA | E9: (e) LOCALIZACIÓN | F9: DIMENSIONES | I9: =+CONCATENATE("(i) MEDIDA PARCIAL"," ","(",K7,")") -> #REF! | J9: (j) N° DE ELEMENTOS | K9: =+CONCATENATE("(k) MEDIDA TOTAL"," ","(",K7,")") -> #REF!
F10: (f) Ancho | G10: (g) Longitud | H10: (h) Altura
E11: PARALELO A ZONA DE PARQUEO | G11: 60.4 | I11: =+G11 -> 60.4 | J11: 1 | K11: =+I11*J11 -> 60.4
K12: =+I12*J12 -> 0
K13: =+I13*J13 -> 0
E30: (l)TOTAL | K30: =+SUM(K11:K29) -> 60.4
A31: Elaboró: | C31: Elaboró: | E31: Revisó: | H31: Aprobó:

Sheet 4.17
C1: ALCALDÍA DE SAMACÁ | E1: MACROPROCESO | I1: MISIONAL
E2: PROCESO | I2: GESTIÓN TERRITORIAL E INFRAESTRUCTURA
C3: SISTEMA INTEGRADO DE GESTIÓN (MECI 1000:2014 – NTCGP 1000:2009) | E3: FORMATO
E4: F-GTI-015 | I4: Página 1 de 1
E5: Versión 1
A6: MEMORIAS DE CANTIDADES
A7: CÓDIGO | B7: 4.17 | C7: (b) DESCRIPCIÓN ÍTEM | D7: ='FORMATO PRESUPUESTO'!#REF! -> #REF! | J7: (c) UND: | K7: ='FORMATO PRESUPUESTO'!#REF! -> #REF!
A9: (d) DESCRIPCIÓN Y/O REGISTRO FOTOGRÁFICO DE LA MEMORIA | E9: (e) LOCALIZACIÓN | F9: DIMENSIONES | I9: =+CONCATENATE("(i) MEDIDA PARCIAL"," ","(",K7,")") -> #REF! | J9: (j) N° DE ELEMENTOS | K9: =+CONCATENATE("(k) MEDIDA TOTAL"," ","(",K7,")") -> #REF!
F10: (f) Ancho | G10: (g) Longitud | H10: (h) Altura
E11: PARALELO A SENDERO TORRE "D" | F11: 0.3 | G11: 20 | H11: =(0.9+0.55)/2 -> 0.725 | I11: =F11*G11*H11 -> 4.35 | J11: 1 | K11: =+I11*J11 -> 4.35
E30: (l)TOTAL | K30: =+SUM(K11:K29) -> 4.35
A31: Elaboró: | C31: Elaboró: | E31: Revisó: | H31: Aprobó:

Sheet 4.18
C1: ALCALDÍA DE SAMACÁ | E1: MACROPROCESO | I1: MISIONAL
E2: PROCESO | I2: GESTIÓN TERRITORIAL E INFRAESTRUCTURA
C3: SISTEMA INTEGRADO DE GESTIÓN (MECI 1000:2014 – NTCGP 1000:2009) | E3: FORMATO
E4: F-GTI-015 | I4: Página 1 de 1
E5: Versión 1
A6: MEMORIAS DE CANTIDADES
A7: CÓDIGO | B7: 4.18 | C7: (b) DESCRIPCIÓN ÍTEM | D7: ='FORMATO PRESUPUESTO'!#REF! -> #REF! | J7: (c) UND: | K7: ='FORMATO PRESUPUESTO'!#REF! -> #REF!
A9: (d) DESCRIPCIÓN Y/O REGISTRO FOTOGRÁFICO DE LA MEMORIA | E9: (e) LOCALIZACIÓN | F9: DIMENSIONES | I9: =+CONCATENATE("(i) MEDIDA PARCIAL"," ","(",K7,")") -> #REF! | J9: (j) N° DE ELEMENTOS | K9: =+CONCATENATE("(k) MEDIDA TOTAL"," ","(",K7,")") -> #REF!
F10: (f) Ancho | G10: (g) Longitud | H10: (h) Altura
E11: ENTRE MURO EXISTENTE Y ESCALERA N°02 LOSA | F11: 2.1 | G11: 5 | H11: 0.35 | I11: =F11*G11*H11 -> 3.675 | J11: 1 | K11: =+I11*J11 -> 3.675
E12: ENTRE MURO EXISTENTE Y ESCALERA N°02 DIENTELON | F12: 0.4 | G12: 5 | H12: 0.6 | I12: =F12*G12*H12 -> 1.2 | J12: 1 | K12: =+I12*J12 -> 1.2
E30: (l)TOTAL | K30: =+SUM(K11:K29) -> 4.875
A31: Elaboró: | C31: Elaboró: | E31: Revisó: | H31: Aprobó:

Sheet 4.19
C1: ALCALDÍA DE SAMACÁ | E1: MACROPROCESO | I1: MISIONAL
E2: PROCESO | I2: GESTIÓN TERRITORIAL E INFRAESTRUCTURA
C3: SISTEMA INTEGRADO DE GESTIÓN (MECI 1000:2014 – NTCGP 1000:2009) | E3: FORMATO
E4: F-GTI-015 | I4: Página 1 de 1
E5: Versión 1
A6: MEMORIAS DE CANTIDADES
A7: CÓDIGO | B7: 4.19 | C7: (b) DESCRIPCIÓN ÍTEM | D7: ='FORMATO PRESUPUESTO'!#REF! -> #REF! | J7: (c) UND: | K7: ='FORMATO PRESUPUESTO'!#REF! -> #REF!
A9: (d) DESCRIPCIÓN Y/O REGISTRO FOTOGRÁFICO DE LA MEMORIA | E9: (e) LOCALIZACIÓN | F9: DIMENSIONES | I9: =+CONCATENATE("(i) MEDIDA PARCIAL"," ","(",K7,")") -> #REF! | J9: (j) N° DE ELEMENTOS | K9: =+CONCATENATE("(k) MEDIDA TOTAL"," ","(",K7,")") -> #REF!
F10: (f) Ancho | G10: (g) Longitud | H10: (h) Altura
E11: ENTRE MURO EXISTENTE Y ESCALERA N°02 LOSA | F11: =(0.25+0.35)/2 -> 0.3 | G11: 5 | H11: 3.2 | I11: =F11*G11*H11 -> 4.8 | J11: 1 | K11: =+I11*J11 -> 4.8
E30: (l)TOTAL | K30: =+SUM(K11:K29) -> 4.8
A31: Elaboró: | C31: Elaboró: | E31: Revisó: | H31: Aprobó:

Sheet 4.20
C1: ALCALDÍA DE SAMACÁ | E1: MACROPROCESO | I1: MISIONAL
E2: PROCESO | I2: GESTIÓN TERRITORIAL E INFRAESTRUCTURA
C3: SISTEMA INTEGRADO DE GESTIÓN (MECI 1000:2014 – NTCGP 1000:2009) | E3: FORMATO
E4: F-GTI-015 | I4: Página 1 de 1
E5: Versión 1
A6: MEMORIAS DE CANTIDADES
A7: CÓDIGO | B7: 4.2 | C7: (b) DESCRIPCIÓN ÍTEM | D7: ='FORMATO PRESUPUESTO'!#REF! -> #REF! | J7: (c) UND: | K7: ='FORMATO PRESUPUESTO'!#REF! -> #REF!
A9: (d) DESCRIPCIÓN Y/O REGISTRO FOTOGRÁFICO DE LA MEMORIA | E9: (e) LOCALIZACIÓN | F9: DIMENSIONES | I9: =+CONCATENATE("(i) MEDIDA PARCIAL"," ","(",K7,")") -> #REF! | J9: (j) N° DE ELEMENTOS | K9: =+CONCATENATE("(k) MEDIDA TOTAL"," ","(",K7,")") -> #REF!
F10: (f) Ancho | G10: (g) Longitud | H10: (h) Altura
E11: EN AREA DE PARQUE INFANTIL | G11: 5 | I11: 4 | J11: 1 | K11: =+I11*J11 -> 4
E30: (l)TOTAL | K30: =+SUM(K11:K29) -> 4
A31: Elaboró: | C31: Elaboró: | E31: Revisó: | H31: Aprobó:

Sheet 4.21
C1: ALCALDÍA DE SAMACÁ | E1: MACROPROCESO | I1: MISIONAL
E2: PROCESO | I2: GESTIÓN TERRITORIAL E INFRAESTRUCTURA
C3: SISTEMA INTEGRADO DE GESTIÓN (MECI 1000:2014 – NTCGP 1000:2009) | E3: FORMATO
E4: F-GTI-015 | I4: Página 1 de 1
E5: Versión 1
A6: MEMORIAS DE CANTIDADES
A7: CÓDIGO | B7: 4.21 | C7: (b) DESCRIPCIÓN ÍTEM | D7: ='FORMATO PRESUPUESTO'!#REF! -> #REF! | J7: (c) UND: | K7: ='FORMATO PRESUPUESTO'!#REF! -> #REF!
A9: (d) DESCRIPCIÓN Y/O REGISTRO FOTOGRÁFICO DE LA MEMORIA | E9: (e) LOCALIZACIÓN | F9: DIMENSIONES | I9: =+CONCATENATE("(i) MEDIDA PARCIAL"," ","(",K7,")") -> #REF! | J9: (j) N° DE ELEMENTOS | K9: =+CONCATENATE("(k) MEDIDA TOTAL"," ","(",K7,")") -> #REF!
F10: (f) Ancho | G10: (g) Longitud | H10: (h) Altura
E12: ESCALERA N° 02 | F12: 2.5 | G12: 0.68 | H12: 3.3 | I12: =((F12+G12)/2)*H12 -> 5.247 | J12: 2 | K12: =+I12*J12 -> 10.494
G13: 6 | H13: 0.5 | I13: =G13*H13 -> 3 | J13: 2 | K13: =I13*J13 -> 6
G14: =6+0.5*2 -> 7 | H14: 0.25 | I14: =G14*H14 -> 1.75 | J14: 2 | K14: =I14*J14 -> 3.5
E15: ESCALERA N° 01 | F15: 1.5 | G15: 0.5 | H15: 1.7 | I15: =((F15+G15)/2)*H15 -> 1.7 | J15: 6 | K15: =+I15*J15 -> 10.2
G16: 3.75 | H16: 0.5 | I16: =G16*H16 -> 1.875 | J16: 2 | K16: =I16*J16 -> 3.75
G17: =3.75+0.5*2 -> 4.75 | H17: 0.25 | I17: =G17*H17 -> 1.1875 | J17: 2 | K17: =I17*J17 -> 2.375
E48: (l)TOTAL | K48: =SUM(K11:K47) -> 36.319 | L48: 118 | M48: =K48*L48 -> 4285.642
A49: Elaboró: | C49: Elaboró: | E49: Revisó: | H49: Aprobó:

Sheet 4.22
C1: ALCALDÍA DE SAMACÁ | E1: MACROPROCESO | I1: MISIONAL
E2: PROCESO | I2: GESTIÓN TERRITORIAL E INFRAESTRUCTURA
C3: SISTEMA INTEGRADO DE GESTIÓN (MECI 1000:2014 – NTCGP 1000:2009) | E3: FORMATO
E4: F-GTI-015 | I4: Página 1 de 1
E5: Versión 1
A6: MEMORIAS DE CANTIDADES
A7: CÓDIGO | B7: 4.22 | C7: (b) DESCRIPCIÓN ÍTEM | D7: ='FORMATO PRESUPUESTO'!#REF! -> #REF! | J7: (c) UND: | K7: ='FORMATO PRESUPUESTO'!#REF! -> #REF!
A9: (d) DESCRIPCIÓN Y/O REGISTRO FOTOGRÁFICO DE LA MEMORIA | E9: (e) LOCALIZACIÓN | F9: DIMENSIONES | I9: =+CONCATENATE("(i) MEDIDA PARCIAL"," ","(",K7,")") -> #REF! | J9: (j) N° DE ELEMENTOS | K9: =+CONCATENATE("(k) MEDIDA TOTAL"," ","(",K7,")") -> #REF!
F10: (f) Ancho | G10: (g) Longitud | H10: (h) Altura
E12: ESCALERA N° 02 | G12: =6+0.5*2 -> 7 | I12: =G12 -> 7 | J12: 4 | K12: =+I12*J12 -> 28
E14: ESCALERA N° 01 | G14: =3.75+0.5*2 -> 4.75 | I14: =G14 -> 4.75 | J14: 4 | K14: =+I14*J14 -> 19
E47: (l)TOTAL | K47: =SUM(K11:K46) -> 47 | L47: 118 | M47: =K47*L47 -> 5546
A48: Elaboró: | C48: Elaboró: | E48: Revisó: | H48: Aprobó:
